 Dungeon Crawl Stone Soup version 0.30.0-29-ga12c61a403 (webtiles) character file.

Game seed: 7830665681785948369

278924 qw the Peltast (level 20, -3/136 HPs)
             Began as a Gargoyle Fighter on June 4, 2023.
             Was a High Priest of Okawaru.
             Slain by a daeva
             ... wielding a +5 long sword of holy wrath
              (6 damage)
             ... while paralysed by accursed screaming
             ... on level 2 of the Abyss.
             The game lasted 00:23:37 (37571 turns).

qw the Peltast (Gargoyle Fighter)                  Turns: 37571, Time: 00:23:37

Health: -3/136     AC: 53    Str: 33    XL:     20   Next: 84%
Magic:  26/27      EV:  2    Int: 15    God:    Okawaru [*****.]
Gold:   803        SH:  0    Dex: 10    Spells: 19/19 levels left

rFire   . . .        v - +6 broad axe (vamp)
rCold   + + .        G - +2 tower shield of Zidez {Int+4}
rNeg    + . .        y - +7 plate armour {rC+}
rPois   inf          e - +2 helmet
rElec   +            o - +2 cloak
rCorr   +            x - +2 pair of gloves "Magekil" {rCorr Dex+3}
SInv    .            (no boots)
Will    +....        D - amulet of faith Stlth
                     w - ring of the Harvest {Wiz rC+ Str+6 Dex+2}
HPRegen 0.42/turn    k - +5 ring of evasion
MPRegen 0.20/turn

%: faith, wizardry (x1)
@: paralysed, about to teleport, heroic, finesse-ful, flying, glowing
A: sickness immunity, AC +15, big wings, negative energy resistance 1,
electricity resistance, torment resistance 1, petrification resistance, wild
magic 1, MP-powered wands, [clumsy 2]
}: 1/15 runes: decaying
a: Renounce Religion, Heroism, Finesse, Duel


You were on level 2 of the Abyss.
You worshipped Okawaru.
Okawaru was extremely pleased with you.
You visited 7 branches of the dungeon, and saw 34 of its levels.
You visited the Abyss 1 time.

You collected 3525 gold pieces.
You spent 2722 gold pieces at shops.


Innate Abilities, Weirdness & Mutations

You are immune to sickness and miasma.
Your stone body is resilient. (AC +15)
You are immune to poison.
Your large and strong wings let you fly.
You resist negative energy. (rN+)
You are resistant to electric shocks. (rElec)
You are resistant to unholy torment.
You are immune to petrification.
Your spells are a little harder to cast, but a little more powerful.
You expend magic power (3 MP) to strengthen your wands.
[You are very clumsy. (Dex -4)]


   Skills:
 - Level 18.0(23.0) Fighting
 - Level 18.0(23.0) Axes
 - Level 10.0(15.0) Throwing
 - Level 16.0(21.0) Armour
 - Level 7.0(12.0) Dodging
 + Level 19.6(24.6) Shields
 - Level 10.0 Invocations


You had 19 spell levels left.
You didn't know any spells.
Your spell library was empty.

Inventory:

Hand Weapons
 v - a +6 vampiric broad axe (weapon)
 Y - a +1 broad axe
Missiles
 B - 16 boomerangs (quivered)
Armour
 c - +0 acid dragon scales
 e - a +2 helmet (worn)
 h - a +3 plate armour of fire resistance
 o - a +2 cloak (worn)
 x - the +2 pair of gloves "Magekil" (worn) {rCorr Dex+3}
   (You found it on level 4 of the Lair of Beasts)

   Dex:       It affects your dexterity (+3).
   rCorr:     It protects you from acid and corrosion.
 y - a +7 plate armour of cold resistance (worn)
 G - the +2 tower shield of Zidez (worn) {Int+4}
   (Okawaru gifted it to you on level 3 of the Snake Pit)

   Int:       It affects your intelligence (+4).
Jewellery
 i - a ring of resist corrosion
 k - a +5 ring of evasion (right hand)
 r - an amulet of the acrobat
 s - a ring of resist corrosion
 w - the ring of the Harvest (left hand) {Wiz rC+ Str+6 Dex+2}
   (You found it on level 6 of the Dungeon)

   [ring of wizardry]

   It improves your spell success rate.
   Str:       It affects your strength (+6).
   Dex:       It affects your dexterity (+2).
   rC:        It protects you from cold.
 D - an amulet of faith (around neck)
 E - a ring of protection from fire
Wands
 q - a wand of digging (13)
Scrolls
 b - 25 scrolls of identify
 g - 2 scrolls of brand weapon
 A - 14 scrolls of teleportation
Potions
 a - 6 potions of attraction
 d - 7 potions of might
 f - 10 potions of curing
 j - 7 potions of haste
 l - 3 potions of cancellation
 m - 8 potions of lignification
 n - 4 potions of magic
 p - 3 potions of heal wounds
 t - 8 potions of mutation
 u - 4 potions of resistance

Dungeon Overview and Level Annotations

Branches:
Dungeon (15/15)            Temple (1/1) D:6            Lair (5/5) D:8
  Swamp (4/4) Lair:2        Snake (3/4) Lair:2        Slime (0/5) Lair:5
    Orc (2/2) D:9             Elf (0/3) Orc:2        Vaults (4/5) D:14
  Crypt (0/3) Vaults:2     Depths (0/4) D:15

Altars:
Ashenzari
Cheibriados
Dithmenos
Elyvilon
Fedhas
Gozag
Hepliaklqana
Kikubaaqudgha
Makhleb
Nemelex Xobeh
Okawaru
Qazlal
Ru
Sif Muna
Trog
Uskayaw
Vehumet
Wu Jian
Xom
Yredelemnul
Zin
The Shining One

Shops:
D:6 *   D:8 [   D:9 ?   Orc:1 *   Orc:2 ([*:   Vaults:1 !   Vaults:2 *
Vaults:4 (

Annotations:
D:9 4 runed translucent doors
Vaults:1 3 runed translucent doors, agentgt's ghost, veteran KoAK


Message History

You can move again.
37568 ||| DRINKING 4 potions of heal wounds.
You feel much better. The Hell Sentinel barely misses you.
You block the Hell Sentinel's attack. The daeva misses you.
The daeva hits you with a +5 long sword of holy wrath.
The starcursed mass barely misses you. The starcursed mass closely misses you.
You block the starcursed mass's attack.
The starcursed mass touches you but does no damage.
You slice the starcursed mass!!
You destroy the starcursed mass!
Okawaru accepts your kill.
You slash the starcursed mass!
You destroy the starcursed mass!
Okawaru accepts your kill.
You closely miss the daeva.
You hit the Hell Sentinel but do no damage.
You slash the starcursed mass!
You completely miss the starcursed mass.
The starcursed mass shudders and is absorbed by its neighbour.
You slash the starcursed mass!
You destroy the starcursed mass!
Okawaru accepts your kill.
You hit the starcursed mass but do no damage.
The daeva blocks your attack.
You hit the Hell Sentinel but do no damage.
The daeva calls down the wrath of the Shining One upon you.
The Shining One smites you! You block the Hell Sentinel's attack.
The Hell Sentinel closely misses you.
A cacophony of accursed wailing tears at your sanity!
You suddenly lose the ability to move!
A cacophony of accursed wailing tears at your sanity!
You shrug off the repeated paralysis!
The wretched star pulses with an eldritch light!
You feel clumsy. x2
The starcursed mass touches you but does no damage.
The Hell Sentinel hits you.
The Hell Sentinel hits you but does no damage.
The daeva hits you with a +5 long sword of holy wrath.
You die...

#¤¤ #.# ..#. #
..# ..# ..#~.
#.#..##..
.....
.......#..#~
#......#....
#.#.X.¤.#.# 7#
.##..XAX....#
. #..XX1@# ).#
~# .....XX#X.#
#.#...X##X###
. ...#..*.#X.#
. ##..#..
.....#
#...#...#....#
#.##... .#
#.#.# .. .¤..
.(#.## .. .
#.# . ..


You could see 11 starcursed masses, a Hell Sentinel, a daeva and a wretched
star.

Vanquished Creatures
  An ancient lich (Abyss:2)
  Nikola (Snake:3)
  A tentacled monstrosity (Swamp:4)
  Rupert (Orc:2)
  A lich (Abyss:2)
  7 sphinxes
  An Executioner (Abyss:2)
  Kirke (D:13)
  A tengu reaver (Vaults:4)
  Roxanne (Swamp:4)
  2 thorn hunters (Swamp:4)
  3 nagarajas
  4 fenstrider witches (Swamp:4)
  A deep elf sorcerer (Abyss:2)
  A fire giant (Vaults:3)
  Louise (Swamp:2)
  Aizul (Snake:3)
  14 vault wardens
  21 ironbound preservers
  2 orc warlords
  A ghoul (Swamp:1)
  A reaper (Swamp:4)
  3 very ugly things
  7 ironbound thunderhulks
  9 eleionomae
  A deep elf demonologist (Vaults:2)
  3 bunyips
  10 dire elephants
  A green death (Swamp:4)
  2 entropy weavers (shapeshifter) (D:15)
  A shambling mangrove (Swamp:1)
  3 entropy weavers
  9 yaktaur captains
  10 great orbs of eyes
  12 hydras
  2 deep elf high priests
  3 vault guards (Vaults:1)
  A salamander tyrant (Snake:3)
  A rakshasa (D:15)
  8 ghost crabs
  A catoblepas (Lair:2)
  9 anacondas
  4 centaur warriors
  8 ironbound frosthearts
  5 ogre magi
  8 alligators
  A boulder beetle (D:15)
  7 naga warriors
  3 tengu warriors
  11 two-headed ogres
  3 orc high priests
  Urug (D:12)
  A spriggan berserker (Swamp:4)
  6 shock serpents
  7 naga sharpshooters
  2 skysharks
  4 salamander mystics (Snake:3)
  5 skeletal warriors (D:14)
  3 sixfirhies (Swamp:4)
  2 goliath frogs (Swamp:3)
  2 death drakes (Swamp:3)
  55 deep trolls
  A glowing orange brain (Vaults:4)
  7 spriggan druids
  6 swamp dragons
  2 harpies (Vaults:4)
  6 bog bodies (Swamp:1)
  5 lindwurms
  4 deep elf pyromancers
  8 wizards
  7 naga ritualists
  13 ironbound convokers
  2 necromancers (Vaults:3)
  A wolf spider (Lair:5)
  9 orc knights
  7 orc sorcerers
  An oklob plant (Lair:4)
  18 ugly things
  4 mana vipers
  A manticore (D:13)
  5 cyclopes
  6 will-o-the-wisps
  5 elephants (Lair:5)
  7 salamanders
  A fire giant skeleton (Vaults:3)
  9 naga magi
  Joseph (D:9)
  10 vault sentinels
  3 torpor snails (Lair:5)
  A black mamba (shapeshifter) (Abyss:2)
  2 guardian serpents
  44 black mambas
  2 orange demons (Swamp:4)
  A cane toad (shapeshifter) (D:8)
  9 cane toads
  An unseen horror (D:8)
  Psyche (D:9)
  A yaktaur zombie (Vaults:3)
  6 komodo dragons
  A naga skeleton (Abyss:2)
  A rime drake (Lair:5)
  14 yaktaurs
  2 tengu conjurers
  A freezing wraith (D:14)
  A golden dragon simulacrum (Vaults:3)
  An ancient zyme (Abyss:2)
  3 trolls
  2 hellwings (Swamp:4)
  10 tyrant leeches
  A polar bear (Lair:2)
  16 blink frogs
  9 hornets
  10 dream sheep
  30 slime creatures
  A jumping spider (Vaults:2)
  A spriggan (shapeshifter) (D:15)
  A spectral black mamba (Lair:2)
  2 shadows
  9 spriggans
  4 hogs (D:13)
  A vampire (D:12)
  3 wraiths
  5 basilisks
  3 fire bats (Abyss:2)
  20 wyverns
  26 yaks
  3 chaos spawn
  A steam dragon (D:6)
  A neqoxec (Swamp:4)
  3 redbacks
  2 humans (D:13)
  3 spatial vortices (Abyss:2)
  12 vampire mosquitoes (D:12)
  A glowing shapeshifter zombie (Vaults:3)
  Edmund (D:4)
  12 swamp worms
  5 wargs
  20 nagas
  20 water moccasins
  An acid dragon (D:11)
  Duvessa (D:4)
  7 swamp drakes
  23 orc warriors
  2 ice beasts
  2 sky beasts
  5 black bears
  9 ogres
  4 boggarts (Vaults:1)
  4 centaurs
  11 wolves (Lair:5)
  4 small abominations (Abyss:2)
  5 starcursed masses (Abyss:2)
  A human skeleton (Vaults:3)
  A spectral basilisk (Lair:2)
  3 kobold brigands (D:8)
  2 phantoms
  Blork the orc (D:4)
  12 bullfrogs
  2 necrophages (Swamp:1)
  3 spectral water moccasins (Lair:2)
  2 scorpions
  2 gnoll sergeants
  3 wights (D:7)
  Dowan (D:4)
  21 killer bees
  4 howler monkeys
  5 electric eels
  5 lava snakes (Lair:3)
  A quasit (Abyss:2)
  A jelly (D:6)
  13 orc priests
  3 hounds
  8 iguanas
  11 orc wizards
  7 hell rats (Lair:3)
  6 adders
  12 gnolls
  2 shadow imps
  A white imp (D:7)
  6 ufetubi
  A worm (D:7)
  72 orcs
  9 ball pythons
  5 bats
  8 endoplasms
  4 giant cockroaches
  8 goblins
  6 hobgoblins
  14 kobolds
  2 frilled lizards (D:2)
  6 rats
  A spectral orc (D:12)
  2 spectral weapons
1136 creatures vanquished.

Vanquished Creatures (collateral kills)
  An ogre (D:6)
  An iguana (D:6)
2 creatures vanquished.

Vanquished Creatures (others)
  4 bloated husks
  14 foxfires
18 creatures vanquished.

Grand Total: 1156 creatures vanquished

Notes
Turn   | Place    | Note
-------+----------+-------------------------------------------
     0 | D:1      | qw the Gargoyle Fighter began the quest for the Orb.
     0 | D:1      | Reached XP level 1. HP: 14/14 MP: 1/1
     0 | D:1      | 0 ||| qw: Version: 0.2-a-106-g05974ce
     0 | D:1      | 0 ||| qw: Game counter: 1155
     0 | D:1      | 0 ||| qw: Always use a shield: true
     0 | D:1      | 0 ||| qw: God list: Okawaru
     0 | D:1      | 0 ||| qw: Allow faded altars: false
     0 | D:1      | 0 ||| qw: Do Orc after D:15 true
     0 | D:1      | 0 ||| qw: Do second Lair branch before Depths: true
     0 | D:1      | 0 ||| qw: Lair rune preference: random
     0 | D:1      | 0 ||| qw: Plans: Normal, Zot:1-4, Slime:5, God:TSO, Crypt,
                  | Tomb, Abyss, Pan, Hells, Win
     0 | D:1      | 0 ||| PLANNING D:1-11
   157 | D:1      | Reached XP level 2. HP: 19/19 MP: 2/2
   693 | D:1      | 693 ||| UPGRADING to +0 chain mail.
   703 | D:1      | 703 ||| DROPPING +0 scale mail.
   704 | D:1      | 704 ||| DROPPING orb of guile.
   705 | D:1      | 705 ||| UPGRADING to ring of resist corrosion.
   706 | D:1      | 706 ||| READING scroll labelled WONURI SIHOATI.
   707 | D:1      | 707 ||| READING scroll labelled URUIL KUL LIHA.
   708 | D:1      | 708 ||| DRINKING 2 puce potions.
   709 | D:1      | 709 ||| DRINKING 2 glowing sapphire potions.
   858 | D:2      | Reached skill level 3 in Axes
  1064 | D:2      | Reached XP level 3. HP: 23/23 MP: 3/3
  1175 | D:2      | Found a faded altar of an unknown god.
  1227 | D:2      | 1227 ||| Stepping ~*~*~tactically~*~*~ (stealth).
  1319 | D:2      | 1319 ||| UPGRADING to +2 pair of gloves.
  1324 | D:2      | 1324 ||| READING scroll labelled CAILOITATE.
  1325 | D:2      | 1325 ||| READING 3 scrolls labelled NOGY IM YTAOS.
  1326 | D:2      | 1326 ||| DRINKING 2 murky silvery potions.
  1327 | D:2      | 1327 ||| DRINKING 2 yellow potions.
  1380 | D:2      | 1380 ||| DROPPING 2 scrolls of fog.
  1435 | D:3      | Noticed a bullfrog
  1443 | D:3      | Killed a bullfrog
  1444 | D:3      | Reached XP level 4. HP: 23/28 MP: 4/4
  1473 | D:3      | Reached XP level 5. HP: 32/32 MP: 5/5
  1537 | D:3      | 1537 ||| Stepping ~*~*~tactically~*~*~ (stealth).
  1546 | D:3      | 1546 ||| DROPPING +2 whip of holy wrath.
  2062 | D:3      | 2062 ||| UPGRADING to +0 cloak.
  2067 | D:3      | 2067 ||| DRINKING 3 red potions.
  2068 | D:3      | 2068 ||| READING 3 scrolls of identify.
  2068 | D:3      | 2068 ||| IDENTIFYING fuming dark potion
  2125 | D:4      | Reached XP level 6. HP: 38/38 MP: 6/6
  2232 | D:4      | 2232 ||| Stepping ~*~*~tactically~*~*~ (stealth).
  2233 | D:4      | 2233 ||| Stepping ~*~*~tactically~*~*~ (stealth).
  2236 | D:4      | 2236 ||| Stepping ~*~*~tactically~*~*~ (stealth).
  2249 | D:4      | Noticed Edmund
  2263 | D:4      | Killed Edmund
  2264 | D:4      | Reached skill level 6 in Axes
  2311 | D:4      | 2311 ||| Stepping ~*~*~tactically~*~*~ (stealth).
  2312 | D:4      | 2312 ||| Stepping ~*~*~tactically~*~*~ (stealth).
  2365 | D:4      | Reached skill level 1 in Dodging
  2365 | D:4      | Reached XP level 7. HP: 34/43 MP: 7/7
  2691 | D:4      | Found an ancient bone altar of Kikubaaqudgha.
  2871 | D:4      | Noticed Blork the orc
  2875 | D:4      | Killed Blork the orc
  3026 | D:4      | Noticed Duvessa
  3026 | D:4      | Noticed Dowan
  3027 | D:4      | 3027 ||| Stepping ~*~*~tactically~*~*~ (hiding).
  3034 | D:4      | Killed Duvessa
  3040 | D:4      | Killed Dowan
  3041 | D:4      | Reached XP level 8. HP: 47/50 MP: 8/8
  3053 | D:4      | 3053 ||| READING 4 scrolls of identify.
  3053 | D:4      | 3053 ||| IDENTIFYING sapphire potion
  3078 | D:5      | Entered Level 5 of the Dungeon
  3582 | D:5      | Found an opulent altar of Gozag.
  3724 | D:5      | 3724 ||| READING scroll labelled LESEJE PYHULEU.
  3727 | D:5      | 3727 ||| READING scroll labelled USHREA FOR MUT.
  3727 | D:5      | Identified a scroll of acquirement
  3727 | D:5      | 3727 ||| ACQUIRING +2 buckler "Bulom" {Fly rF+ rC- Dex+3}
  3727 | D:5      | Acquired the +2 buckler "Bulom" {Fly rF+ rC- Dex+3}
  3729 | D:5      | 3729 ||| UPGRADING to +2 buckler "Bulom" {Fly rF+ rC-
                  | Dex+3}.
  3739 | D:5      | 3739 ||| READING scroll labelled VYVIERU BOJUDUM.
  3740 | D:5      | 3740 ||| READING 5 scrolls of identify.
  3740 | D:5      | 3740 ||| IDENTIFYING glowing emerald potion
  3741 | D:5      | 3741 ||| READING 4 scrolls of identify.
  3741 | D:5      | 3741 ||| IDENTIFYING amethyst potion
  3742 | D:5      | 3742 ||| DROPPING potion of brilliance.
  3744 | D:6      | Found Jack's Assorted Antiques.
  3749 | D:6      | 3749 ||| BUYING 2 scrolls labelled TUEBARIOFONN (62 gold).
  3749 | D:6      | Bought 2 scrolls labelled TUEBARIOFONN for 62 gold pieces
  3749 | D:6      | 3749 ||| BUYING brown potion (27 gold).
  3749 | D:6      | Bought a brown potion for 27 gold pieces
  3749 | D:6      | 3749 ||| BUYING coppery potion (27 gold).
  3749 | D:6      | Bought a coppery potion for 27 gold pieces
  3749 | D:6      | 3749 ||| SHOPLISTING runed whip (170 gold, have 114).
  3749 | D:6      | 3749 ||| BUYING scroll labelled HEURUU EDIKUTY (31 gold).
  3749 | D:6      | Bought a scroll labelled HEURUU EDIKUTY for 31 gold pieces
  3749 | D:6      | 3749 ||| BUYING scroll labelled MURION TUOP (31 gold).
  3749 | D:6      | Bought a scroll labelled MURION TUOP for 31 gold pieces
  3750 | D:6      | 3750 ||| Stepping ~*~*~tactically~*~*~ (hiding).
  3917 | D:6      | Reached skill level 6 in Fighting
  4030 | D:6      | Found a staircase to the Ecumenical Temple.
  4031 | D:6      | 4031 ||| PLANNING TEMPLE
  4031 | D:6      | 4031 ||| READING 2 scrolls labelled TUEBARIOFONN.
  4032 | D:6      | 4032 ||| READING scroll labelled HEURUU EDIKUTY.
  4041 | D:6      | Reached XP level 9. HP: 40/55 MP: 9/9
  4167 | D:6      | 4167 ||| READING scroll labelled MURION TUOP.
  4168 | D:6      | 4168 ||| READING scroll labelled YMEIPSOTTO.
  4169 | D:6      | 4169 ||| READING 4 scrolls of identify.
  4169 | D:6      | 4169 ||| IDENTIFYING brown potion
  4170 | D:6      | 4170 ||| READING 3 scrolls of identify.
  4170 | D:6      | 4170 ||| IDENTIFYING coppery potion
  4171 | D:6      | 4171 ||| DROPPING scroll of noise.
  4172 | D:6      | 4172 ||| DROPPING potion of berserk rage.
  4177 | Temple   | Entered the Ecumenical Temple
  4204 | Temple   | 4204 ||| PLANNING OKAWARU WORSHIP
  4319 | Temple   | Became a worshipper of Warmaster Okawaru
  4319 | Temple   | 4319 ||| PLANNING D:1-11
  4520 | D:6      | Found a shadowy altar of Dithmenos.
  4525 | D:6      | 4525 ||| Stepping ~*~*~tactically~*~*~ (stealth).
  4533 | D:6      | Reached skill level 9 in Axes
  4538 | D:6      | Reached skill level 4 in Shields
  4617 | D:6      | Found the +8 demon blade "Leech" {evervamp, Harm Drain rN+}
  4658 | D:6      | Identified the ring of the Harvest {Wiz rC+ Str+6 Dex+2}
  4845 | D:6      | Found an ornate altar of the Wu Jian Council.
  4853 | D:6      | 4853 ||| UPGRADING to +4 ring of slaying {mikee}.
  4854 | D:6      | 4854 ||| UPGRADING to ring of the Harvest {Wiz rC+ Str+6
                  | Dex+2}.
  4856 | D:6      | 4856 ||| READING 2 scrolls labelled GIHIVU AWIL.
  4857 | D:6      | 4857 ||| DROPPING scroll of immolation.
  4902 | D:7      | 4902 ||| STAIRDANCE
  4942 | D:7      | Found a bloodstained altar of Trog.
  4990 | D:7      | Found a blossoming altar of Fedhas.
  5023 | D:7      | Found a burning altar of Makhleb.
  5025 | D:7      | 5025 ||| Stepping ~*~*~tactically~*~*~ (hiding).
  5034 | D:7      | Reached * piety under Okawaru
  5035 | D:7      | 5035 ||| Stepping ~*~*~tactically~*~*~ (hiding).
  5036 | D:7      | 5036 ||| Stepping ~*~*~tactically~*~*~ (hiding).
  5055 | D:7      | 5055 ||| Stepping ~*~*~tactically~*~*~ (stealth).
  5059 | D:7      | 5059 ||| Stepping ~*~*~tactically~*~*~ (stealth).
  5068 | D:7      | Reached skill level 1 in Invocations
  5222 | D:7      | Found a snail-covered altar of Cheibriados.
  5295 | D:7      | Found a sacrificial altar of Ru.
  5338 | D:7      | Found a broken altar of Ashenzari.
  5618 | D:8      | 5618 ||| Stepping ~*~*~tactically~*~*~ (stealth).
  5667 | D:8      | 5667 ||| Stepping ~*~*~tactically~*~*~ (hiding).
  5682 | D:8      | Reached skill level 3 in Invocations
  5779 | D:8      | Noticed a deep elf pyromancer
  5782 | D:8      | a human changed into a cane toad
  5782 | D:8      | Noticed a cane toad (shapeshifter)
  5787 | D:8      | Killed a cane toad
  5787 | D:8      | Reached ** piety under Okawaru
  5788 | D:8      | Reached XP level 10. HP: 62/63 MP: 11/13
  5806 | D:8      | Killed a deep elf pyromancer
  5814 | D:8      | Noticed a cyan ugly thing
  5815 | D:8      | 5815 ||| Stepping ~*~*~tactically~*~*~ (stealth).
  5825 | D:8      | Killed a cyan ugly thing
  5826 | D:8      | Reached skill level 5 in Shields
  5935 | D:8      | 5935 ||| Stepping ~*~*~tactically~*~*~ (hiding).
  5945 | D:8      | 5945 ||| INVOKING Heroism.
  6036 | D:8      | 6036 ||| Stepping ~*~*~tactically~*~*~ (hiding).
  6041 | D:8      | 6041 ||| INVOKING Heroism.
  6093 | D:8      | Reached *** piety under Okawaru
  6141 | D:8      | 6141 ||| INVOKING Heroism.
  6174 | D:8      | Found a staircase to the Lair.
  6253 | D:8      | 6253 ||| Stepping ~*~*~tactically~*~*~ (hiding).
  6254 | D:8      | 6254 ||| Stepping ~*~*~tactically~*~*~ (hiding).
  6271 | D:8      | 6271 ||| Stepping ~*~*~tactically~*~*~ (stealth).
  6274 | D:8      | 6274 ||| SWAPPING to +2 war axe of freezing.
  6275 | D:8      | 6275 ||| DROPPING +0 war axe of venom.
  6286 | D:8      | Found a flagged portal.
  6545 | D:8      | Noticed an animated plate armour
  6547 | D:8      | Found Hankiedd's Armour Boutique.
  6549 | D:8      | Noticed an animated storm dragon scales
  6552 | D:8      | 6552 ||| UPGRADING to +5 ring of evasion.
  6564 | D:8      | 6564 ||| BUYING +0 plate armour (299 gold).
  6564 | D:8      | Bought a +0 plate armour for 299 gold pieces
  6573 | D:8      | Found a hide-covered altar of Uskayaw.
  6577 | D:8      | Noticed a +0 dagger
  6577 | D:8      | Noticed a +0 dagger
  6643 | D:8      | Killed an unseen horror
  6644 | D:8      | Reached skill level 6 in Armour
  6872 | D:8      | 6872 ||| PLANNING LAIR
  6872 | D:8      | 6872 ||| DROPPING +0 robe of resistance.
  6873 | D:8      | 6873 ||| UPGRADING to +0 plate armour.
  6883 | D:8      | 6883 ||| DROPPING +0 chain mail.
  6884 | D:8      | 6884 ||| DROPPING +4 ring of slaying {mikee}.
  6885 | D:8      | 6885 ||| READING 7 scrolls of identify.
  6885 | D:8      | 6885 ||| IDENTIFYING fuming grey potion
  6886 | D:8      | 6886 ||| DROPPING potion of degeneration.
  6959 | Lair:1   | Entered Level 1 of the Lair of Beasts
  6995 | Lair:1   | 6995 ||| DROPPING +2 mace of draining.
  7010 | Lair:1   | Reached **** piety under Okawaru
  7011 | Lair:1   | Reached XP level 11. HP: 68/68 MP: 14/14
  7154 | Lair:1   | 7154 ||| INVOKING Heroism.
  7278 | Lair:1   | 7278 ||| INVOKING Heroism.
  7307 | Lair:1   | 7307 ||| INVOKING Heroism.
  7681 | Lair:1   | 7681 ||| DROPPING +1 pair of gloves.
  7710 | Lair:2   | Noticed a catoblepas
  7711 | Lair:2   | 7711 ||| INVOKING Heroism.
  7723 | Lair:2   | Killed a catoblepas
  7724 | Lair:2   | Reached skill level 9 in Fighting
  7818 | Lair:2   | Identified the +1 robe "Seown" {+Inv Dex+2}
  7831 | Lair:2   | Noticed a five-headed hydra
  7832 | Lair:2   | 7832 ||| INVOKING Heroism.
  7837 | Lair:2   | 7837 ||| SWAPPING to +0 flail.
  7844 | Lair:2   | Killed a five-headed hydra
  7845 | Lair:2   | Reached skill level 6 in Invocations
  7845 | Lair:2   | 7845 ||| SWAPPING to +2 war axe of freezing.
  8048 | Lair:2   | Found a staircase to the Snake Pit.
  8049 | Lair:2   | 8049 ||| Stepping ~*~*~tactically~*~*~ (hiding).
  8076 | Lair:2   | 8076 ||| INVOKING Heroism.
  8275 | Lair:2   | Found a staircase to the Swamp.
  8275 | Lair:2   | Noticed a ghost crab
  8275 | Lair:2   | Noticed a ghost crab
  8276 | Lair:2   | 8276 ||| Stepping ~*~*~tactically~*~*~ (hiding).
  8287 | Lair:2   | 8287 ||| INVOKING Heroism.
  8288 | Lair:2   | Killed a ghost crab
  8294 | Lair:2   | 8294 ||| SWAPPING to +0 flail.
  8299 | Lair:2   | Killed a ghost crab
  8300 | Lair:2   | 8300 ||| Stepping ~*~*~tactically~*~*~ (cloud).
  8301 | Lair:2   | 8301 ||| FLEEEEING.
  8302 | Lair:2   | 8302 ||| FLEEEEING.
  8303 | Lair:2   | 8303 ||| FLEEEEING.
  8304 | Lair:2   | 8304 ||| FLEEEEING.
  8305 | Lair:2   | 8305 ||| FLEEEEING.
  8306 | Lair:2   | 8306 ||| SWAPPING to +2 war axe of freezing.
  8307 | Lair:2   | 8307 ||| INVOKING Heroism.
  8659 | Lair:2   | 8659 ||| READING scroll labelled ONKORI CAS.
  8660 | Lair:2   | 8660 ||| READING scroll labelled MOKLEG HEWI.
  8679 | Lair:3   | Noticed a skyshark
  8697 | Lair:3   | 8697 ||| INVOKING Heroism.
  8698 | Lair:3   | Killed a skyshark
  8822 | Lair:3   | 8822 ||| Stepping ~*~*~tactically~*~*~ (stealth).
  8823 | Lair:3   | 8823 ||| INVOKING Heroism.
  8827 | Lair:3   | 8827 ||| Stepping ~*~*~tactically~*~*~ (stealth).
  8853 | Lair:3   | Reached XP level 12. HP: 76/76 MP: 18/18
  8873 | Lair:3   | 8873 ||| INVOKING Heroism.
  8926 | Lair:3   | Reached ***** piety under Okawaru
  8927 | Lair:3   | Reached skill level 12 in Axes
  8973 | Lair:3   | Reached skill level 3 in Dodging
  8973 | Lair:3   | Reached skill level 9 in Invocations
  9024 | Lair:3   | 9024 ||| INVOKING Heroism.
  9246 | Lair:3   | Received a gift from Okawaru
  9495 | Lair:3   | 9495 ||| INVOKING Heroism.
  9667 | Lair:3   | 9667 ||| READING scroll labelled PETSEU TELAW.
  9723 | Lair:4   | Noticed a skyshark
  9731 | Lair:4   | Killed a skyshark
  9732 | Lair:4   | Reached skill level 6 in Shields
  9873 | Lair:4   | 9873 ||| INVOKING Heroism.
 10039 | Lair:4   | Identified the +2 pair of gloves "Magekil" {rCorr Dex+3}
 10085 | Lair:4   | Received a gift from Okawaru
 10360 | Lair:4   | 10360 ||| INVOKING Heroism.
 10361 | Lair:4   | 10361 ||| INVOKING Finesse.
 10519 | Lair:4   | 10519 ||| UPGRADING to +0 helmet.
 10524 | Lair:4   | 10524 ||| DROPPING +1 hat.
 10525 | Lair:4   | 10525 ||| UPGRADING to +2 pair of gloves "Magekil" {rCorr
                  | Dex+3}.
 10535 | Lair:4   | 10535 ||| DROPPING +2 pair of gloves.
 10560 | Lair:5   | Entered Level 5 of the Lair of Beasts
 10560 | Lair:5   | Noticed an eight-headed hydra
 10561 | Lair:5   | 10561 ||| PLANNING GAUNTLET
 10561 | Lair:5   | 10561 ||| INVOKING Heroism.
 10563 | Lair:5   | 10563 ||| SWAPPING to +0 flail.
 10573 | Lair:5   | Killed an eight-headed hydra
 10574 | Lair:5   | 10574 ||| SWAPPING to +2 war axe of freezing.
 10651 | Lair:5   | 10651 ||| Stepping ~*~*~tactically~*~*~ (stealth).
 10674 | Lair:5   | 10674 ||| Stepping ~*~*~tactically~*~*~ (stealth).
 10689 | Lair:5   | Reached skill level 9 in Armour
 10713 | Lair:5   | 10713 ||| Stepping ~*~*~tactically~*~*~ (stealth).
 10718 | Lair:5   | 10718 ||| INVOKING Heroism.
 10754 | Lair:5   | 10754 ||| Stepping ~*~*~tactically~*~*~ (stealth).
 10761 | Lair:5   | Reached XP level 13. HP: 82/82 MP: 20/20
 10761 | Lair:5   | 10761 ||| INVOKING Heroism.
 10782 | Lair:5   | 10782 ||| Stepping ~*~*~tactically~*~*~ (stealth).
 10787 | Lair:5   | 10787 ||| Stepping ~*~*~tactically~*~*~ (stealth).
 10814 | Lair:5   | 10814 ||| Stepping ~*~*~tactically~*~*~ (stealth).
 11013 | Lair:5   | 11013 ||| RIP GAUNTLET
 11016 | Lair:5   | 11016 ||| PLANNING LAIR
 11016 | Lair:5   | 11016 ||| Stepping ~*~*~tactically~*~*~ (hiding).
 11027 | Lair:5   | 11027 ||| Stepping ~*~*~tactically~*~*~ (stealth).
 11065 | Lair:5   | 11065 ||| INVOKING Heroism.
 11133 | Lair:5   | 11133 ||| INVOKING Heroism.
 11250 | Lair:5   | 11250 ||| INVOKING Heroism.
 11321 | Lair:5   | Received a gift from Okawaru
 11324 | Lair:5   | 11324 ||| INVOKING Heroism.
 11348 | Lair:5   | 11348 ||| INVOKING Heroism.
 11480 | Lair:5   | 11480 ||| READING scroll of enchant armour.
 11480 | Lair:5   | 11480 ||| ENCHANTING +0 helmet.
 11481 | Lair:5   | 11481 ||| Stepping ~*~*~tactically~*~*~ (stealth).
 11485 | Lair:5   | 11485 ||| Stepping ~*~*~tactically~*~*~ (stealth).
 11500 | Lair:5   | 11500 ||| Stepping ~*~*~tactically~*~*~ (stealth).
 11501 | Lair:5   | 11501 ||| Stepping ~*~*~tactically~*~*~ (stealth).
 11502 | Lair:5   | 11502 ||| Stepping ~*~*~tactically~*~*~ (stealth).
 11513 | Lair:5   | 11513 ||| Stepping ~*~*~tactically~*~*~ (stealth).
 11517 | Lair:5   | 11517 ||| Stepping ~*~*~tactically~*~*~ (stealth).
 11527 | Lair:5   | 11527 ||| Stepping ~*~*~tactically~*~*~ (stealth).
 11529 | Lair:5   | 11529 ||| Stepping ~*~*~tactically~*~*~ (stealth).
 11539 | Lair:5   | Received a gift from Okawaru
 11631 | Lair:5   | Found a staircase to the Slime Pits.
 11634 | Lair:5   | 11634 ||| INVOKING Heroism.
 11635 | Lair:5   | 11635 ||| INVOKING Finesse.
 11639 | Lair:5   | 11639 ||| SWAPPING to +0 flail.
 11648 | Lair:5   | 11648 ||| SWAPPING to +2 war axe of freezing.
 11657 | Lair:5   | 11657 ||| Stepping ~*~*~tactically~*~*~ (stealth).
 11752 | Lair:5   | 11752 ||| INVOKING Heroism.
 11766 | Lair:5   | 11766 ||| Stepping ~*~*~tactically~*~*~ (hiding).
 11967 | Lair:5   | Identified the +5 battleaxe of the Inferno {elec, rElec rN+
                  | Int+6 Dex+2} (Okawaru gifted it to you on level 5 of the
                  | Lair of Beasts)
 11967 | Lair:5   | Received a gift from Okawaru
 11968 | Lair:5   | Reached skill level 7 in Shields
 11974 | Lair:5   | 11974 ||| Stepping ~*~*~tactically~*~*~ (stealth).
 11975 | Lair:5   | 11975 ||| Stepping ~*~*~tactically~*~*~ (stealth).
 11976 | Lair:5   | 11976 ||| Stepping ~*~*~tactically~*~*~ (stealth).
 12072 | Lair:5   | 12072 ||| Stepping ~*~*~tactically~*~*~ (stealth).
 12168 | Lair:5   | 12168 ||| INVOKING Heroism.
 12386 | Lair:5   | 12386 ||| Stepping ~*~*~tactically~*~*~ (hiding).
 12393 | Lair:5   | 12393 ||| INVOKING Heroism.
 12437 | Lair:5   | 12437 ||| Stepping ~*~*~tactically~*~*~ (stealth).
 12439 | Lair:5   | 12439 ||| Stepping ~*~*~tactically~*~*~ (stealth).
 12441 | Lair:5   | 12441 ||| Stepping ~*~*~tactically~*~*~ (stealth).
 12514 | Lair:5   | 12514 ||| Stepping ~*~*~tactically~*~*~ (stealth).
 12516 | Lair:5   | 12516 ||| Stepping ~*~*~tactically~*~*~ (stealth).
 12518 | Lair:5   | 12518 ||| INVOKING Heroism.
 12560 | Lair:5   | 12560 ||| PLANNING D:1-11
 12560 | Lair:5   | 12560 ||| DROPPING orb of guile.
 12561 | Lair:5   | 12561 ||| DROPPING ring of see invisible.
 12703 | D:9      | Noticed Psyche
 12704 | D:9      | 12704 ||| INVOKING Heroism.
 12716 | D:9      | Killed Psyche
 12717 | D:9      | Gained mutation: Your large and strong wings let you fly.
                  | [Gargoyle growth]
 12717 | D:9      | Reached XP level 14. HP: 78/90 MP: 19/21
 12819 | D:9      | Found a glowing golden altar of the Shining One.
 12838 | D:9      | Found Tieroch's Magic Scroll Shop.
 12844 | D:9      | 12844 ||| BUYING scroll of teleportation (39 gold).
 12844 | D:9      | Bought a scroll of teleportation for 39 gold pieces
 12864 | D:9      | Reached skill level 15 in Axes
 12877 | D:9      | 12877 ||| Stepping ~*~*~tactically~*~*~ (stealth).
 12880 | D:9      | 12880 ||| Stepping ~*~*~tactically~*~*~ (hiding).
 13013 | D:9      | 13013 ||| Stepping ~*~*~tactically~*~*~ (hiding).
 13014 | D:9      | 13014 ||| Stepping ~*~*~tactically~*~*~ (hiding).
 13033 | D:9      | Found a staircase to the Orcish Mines.
 13062 | D:9      | 13062 ||| DROPPING +0 flail.
 13230 | D:9      | 13230 ||| Stepping ~*~*~tactically~*~*~ (hiding).
 13232 | D:9      | 13232 ||| Stepping ~*~*~tactically~*~*~ (hiding).
 13257 | D:9      | Noticed Joseph
 13263 | D:9      | Killed Joseph
 13332 | D:9      | Found a stormy altar of Qazlal.
 13601 | D:9      | 13601 ||| DROPPING +1 war axe of venom.
 13623 | D:9      | Found a runed translucent door.
 13649 | D:9      | Found a runed translucent door.
 13661 | D:9      | Found a runed translucent door.
 13685 | D:9      | Found a runed translucent door.
 13979 | D:9      | 13979 ||| DROPPING +0 buckler.
 13980 | D:9      | 13980 ||| UPGRADING to +0 kite shield.
 13990 | D:9      | 13990 ||| DROPPING +2 buckler "Bulom" {Fly rF+ rC- Dex+3}.
 14023 | D:10     | Entered Level 10 of the Dungeon
 14111 | D:10     | 14111 ||| READING 12 scrolls of identify.
 14111 | D:10     | 14111 ||| IDENTIFYING blue potion
 14112 | D:10     | 14112 ||| DROPPING potion of invisibility.
 14196 | D:10     | 14196 ||| Stepping ~*~*~tactically~*~*~ (hiding).
 14197 | D:10     | 14197 ||| Stepping ~*~*~tactically~*~*~ (hiding).
 14229 | D:10     | 14229 ||| Stepping ~*~*~tactically~*~*~ (hiding).
 14501 | D:10     | 14501 ||| Stepping ~*~*~tactically~*~*~ (stealth).
 14632 | D:11     | 14632 ||| Stepping ~*~*~tactically~*~*~ (hiding).
 14639 | D:11     | Reached skill level 8 in Shields
 14669 | D:11     | 14669 ||| Stepping ~*~*~tactically~*~*~ (hiding).
 14671 | D:11     | 14671 ||| Stepping ~*~*~tactically~*~*~ (hiding).
 14730 | D:11     | 14730 ||| Stepping ~*~*~tactically~*~*~ (stealth).
 14837 | D:11     | Identified the +2 whip of qw's Destruction {elec, rF- Will+
                  | Dex+2}
 15111 | D:11     | 15111 ||| PLANNING D
 15219 | D:12     | Noticed Urug
 15220 | D:12     | 15220 ||| INVOKING Heroism.
 15221 | D:12     | 15221 ||| INVOKING Finesse.
 15244 | D:12     | Killed Urug
 15485 | D:12     | Reached skill level 9 in Shields
 15505 | D:12     | 15505 ||| Stepping ~*~*~tactically~*~*~ (stealth).
 15751 | D:12     | Found a basalt altar of Yredelemnul.
 15759 | D:12     | 15759 ||| READING scroll labelled OGIHEOF EWKUAWN.
 15812 | D:12     | 15812 ||| READING 13 scrolls of identify.
 15812 | D:12     | 15812 ||| IDENTIFYING glowing golden potion
 15813 | D:12     | 15813 ||| DROPPING potion of flight.
 15845 | D:13     | 15845 ||| Stepping ~*~*~tactically~*~*~ (stealth).
 15853 | D:13     | 15853 ||| INVOKING Heroism.
 16027 | D:13     | 16027 ||| INVOKING Heroism.
 16052 | D:13     | 16052 ||| Stepping ~*~*~tactically~*~*~ (stealth).
 16053 | D:13     | 16053 ||| Stepping ~*~*~tactically~*~*~ (stealth).
 16064 | D:13     | Received a gift from Okawaru
 16113 | D:13     | 16113 ||| Stepping ~*~*~tactically~*~*~ (stealth).
 16116 | D:13     | Noticed Kirke
 16117 | D:13     | 16117 ||| INVOKING Heroism.
 16133 | D:13     | Killed Kirke
 16134 | D:13     | Reached skill level 3 in Throwing
 16202 | D:13     | 16202 ||| Stepping ~*~*~tactically~*~*~ (stealth).
 16219 | D:13     | Reached skill level 10 in Shields
 16220 | D:13     | 16220 ||| Stepping ~*~*~tactically~*~*~ (stealth).
 16280 | D:13     | Received a gift from Okawaru
 16291 | D:13     | 16291 ||| Stepping ~*~*~tactically~*~*~ (hiding).
 16299 | D:13     | 16299 ||| INVOKING Heroism.
 16301 | D:13     | 16301 ||| INVOKING Finesse.
 16310 | D:13     | 16310 ||| SWAPPING to +0 hand axe of flaming.
 16317 | D:13     | 16317 ||| SWAPPING to +2 war axe of freezing.
 16724 | D:13     | 16724 ||| DROPPING +6 ring of strength.
 16759 | D:14     | 16759 ||| INVOKING Heroism.
 16778 | D:14     | 16778 ||| Stepping ~*~*~tactically~*~*~ (stealth).
 16780 | D:14     | 16780 ||| Stepping ~*~*~tactically~*~*~ (stealth).
 16781 | D:14     | 16781 ||| Stepping ~*~*~tactically~*~*~ (stealth).
 16783 | D:14     | 16783 ||| Stepping ~*~*~tactically~*~*~ (stealth).
 16795 | D:14     | Reached skill level 11 in Shields
 16795 | D:14     | 16795 ||| INVOKING Heroism.
 16909 | D:14     | 16909 ||| Stepping ~*~*~tactically~*~*~ (stealth).
 16915 | D:14     | 16915 ||| INVOKING Heroism.
 17213 | D:14     | 17213 ||| Stepping ~*~*~tactically~*~*~ (stealth).
 17214 | D:14     | 17214 ||| INVOKING Heroism.
 17216 | D:14     | Found a gate to the Vaults.
 17382 | D:14     | 17382 ||| Stepping ~*~*~tactically~*~*~ (hiding).
 17532 | D:14     | 17532 ||| Stepping ~*~*~tactically~*~*~ (hiding).
 17534 | D:14     | 17534 ||| Stepping ~*~*~tactically~*~*~ (hiding).
 17799 | D:15     | Entered Level 15 of the Dungeon
 17842 | D:15     | 17842 ||| INVOKING Heroism.
 17850 | D:15     | Reached skill level 12 in Shields
 17853 | D:15     | Reached XP level 15. HP: 65/94 MP: 20/22
 17949 | D:15     | 17949 ||| INVOKING Heroism.
 17957 | D:15     | Received a gift from Okawaru
 17958 | D:15     | Reached skill level 6 in Throwing
 17965 | D:15     | HP: 21/95 [brown ugly thing (5)]
 17966 | D:15     | 17966 ||| READING 13 scrolls of teleportation.
 17966 | D:15     | HP: 10/95 [acid (4)]
 17967 | D:15     | 17967 ||| DRINKING 2 potions of heal wounds.
 18176 | D:15     | 18176 ||| READING scroll of enchant armour.
 18176 | D:15     | 18176 ||| ENCHANTING +1 helmet.
 18227 | D:15     | 18227 ||| Stepping ~*~*~tactically~*~*~ (hiding).
 18230 | D:15     | 18230 ||| Stepping ~*~*~tactically~*~*~ (hiding).
 18237 | D:15     | Received a gift from Okawaru
 18367 | D:15     | Reached skill level 12 in Fighting
 18376 | D:15     | 18376 ||| INVOKING Heroism.
 18382 | D:15     | 18382 ||| DRINKING 6 potions of curing.
 18382 | D:15     | 18382 ||| (to cure confusion)
 18385 | D:15     | 18385 ||| DRINKING 5 potions of curing.
 18385 | D:15     | 18385 ||| (to cure confusion)
 18445 | D:15     | 18445 ||| INVOKING Heroism.
 18578 | D:15     | Found a staircase to the Depths.
 18647 | D:15     | 18647 ||| INVOKING Heroism.
 18652 | D:15     | 18652 ||| SWAPPING to +0 hand axe of flaming.
 18658 | D:15     | 18658 ||| SWAPPING to +2 war axe of freezing.
 18844 | D:15     | 18844 ||| PLANNING ORC
 18975 | Orc:1    | Entered Level 1 of the Orcish Mines
 18993 | Orc:1    | 18993 ||| INVOKING Heroism.
 18996 | Orc:1    | Received a gift from Okawaru
 19084 | Orc:1    | Found Eziaher's Gadget Gallery.
 19206 | Orc:1    | 19206 ||| Stepping ~*~*~tactically~*~*~ (stealth).
 19208 | Orc:1    | 19208 ||| Stepping ~*~*~tactically~*~*~ (hiding).
 19212 | Orc:1    | 19212 ||| INVOKING Heroism.
 19353 | Orc:1    | 19353 ||| Stepping ~*~*~tactically~*~*~ (hiding).
 19357 | Orc:1    | 19357 ||| Stepping ~*~*~tactically~*~*~ (hiding).
 19501 | Orc:2    | Entered Level 2 of the Orcish Mines
 19517 | Orc:2    | Found a staircase to the Elven Halls.
 19565 | Orc:2    | 19565 ||| Stepping ~*~*~tactically~*~*~ (hiding).
 19571 | Orc:2    | Found Jexyom's General Store.
 19572 | Orc:2    | 19572 ||| INVOKING Heroism.
 19731 | Orc:2    | 19731 ||| BUYING amulet of faith (480 gold).
 19731 | Orc:2    | Bought an amulet of faith for 480 gold pieces
 19757 | Orc:2    | Noticed an orc warlord
 19757 | Orc:2    | 19757 ||| Stepping ~*~*~tactically~*~*~ (stealth).
 19759 | Orc:2    | 19759 ||| Stepping ~*~*~tactically~*~*~ (hiding).
 19760 | Orc:2    | 19760 ||| INVOKING Heroism.
 19762 | Orc:2    | 19762 ||| Stepping ~*~*~tactically~*~*~ (hiding).
 19776 | Orc:2    | Killed an orc warlord
 19777 | Orc:2    | Gained mutation: You sometimes lose your temper in combat.
                  | [a neqoxec]
 19782 | Orc:2    | 19782 ||| INVOKING Heroism.
 19795 | Orc:2    | Found Taprax's Antique Weapon Shoppe.
 19956 | Orc:2    | 19956 ||| DRINKING 5 potions of mutation.
 19956 | Orc:2    | Lost mutation: You sometimes lose your temper in combat.
                  | [potion of mutation]
 19956 | Orc:2    | Gained mutation: Your spells are a little harder to cast,
                  | but a little more powerful. [potion of mutation]
 19956 | Orc:2    | Gained mutation: You expend magic power (3 MP) to
                  | strengthen your wands. [potion of mutation]
 19982 | Orc:2    | 19982 ||| INVOKING Heroism.
 19984 | Orc:2    | Found Faoneg's Book Emporium.
 19984 | Orc:2    | Noticed Rupert
 20005 | Orc:2    | Reached skill level 13 in Shields
 20005 | Orc:2    | 20005 ||| INVOKING Finesse.
 20006 | Orc:2    | Killed Rupert
 20020 | Orc:2    | 20020 ||| Stepping ~*~*~tactically~*~*~ (stealth).
 20031 | Orc:2    | 20031 ||| Stepping ~*~*~tactically~*~*~ (stealth).
 20036 | Orc:2    | 20036 ||| INVOKING Heroism.
 20179 | Orc:2    | Found Rozot's Antique Armour Emporium.
 20189 | Orc:2    | 20189 ||| INVOKING Heroism.
 20243 | Orc:2    | 20243 ||| BUYING heavily runed chain mail (180 gold).
 20243 | Orc:2    | Bought a heavily runed chain mail for 180 gold pieces
 20243 | Orc:2    | Identified the +1 chain mail of Fortification {Rampage
                  | Will+ Stlth+} (You bought it in a shop on level 2 of the
                  | Orcish Mines)
 20470 | Orc:2    | 20470 ||| Stepping ~*~*~tactically~*~*~ (hiding).
 20471 | Orc:2    | 20471 ||| Stepping ~*~*~tactically~*~*~ (hiding).
 20592 | Orc:2    | 20592 ||| Stepping ~*~*~tactically~*~*~ (hiding).
 20595 | Orc:2    | 20595 ||| INVOKING Heroism.
 20647 | Orc:2    | 20647 ||| SWAPPING to +0 broad axe.
 20648 | Orc:2    | 20648 ||| DROPPING +3 war axe.
 20649 | Orc:2    | 20649 ||| DROPPING +2 war axe of freezing.
 20773 | Orc:2    | 20773 ||| PLANNING SWAMP:1-3
 20773 | Orc:2    | 20773 ||| UPGRADING to +1 plate armour of cold resistance.
 20783 | Orc:2    | 20783 ||| DROPPING +0 plate armour.
 20784 | Orc:2    | 20784 ||| DROPPING +1 chain mail of Fortification {Rampage
                  | Will+ Stlth+}.
 20785 | Orc:2    | 20785 ||| UPGRADING to amulet of faith.
 20998 | Swamp:1  | Entered Level 1 of the Swamp
 20999 | Swamp:1  | 20999 ||| INVOKING Heroism.
 21008 | Swamp:1  | 21008 ||| SWAPPING to +0 hand axe of flaming.
 21015 | Swamp:1  | 21015 ||| SWAPPING to +0 broad axe.
 21046 | Swamp:1  | 21046 ||| INVOKING Heroism.
 21055 | Swamp:1  | 21055 ||| Stepping ~*~*~tactically~*~*~ (stealth).
 21066 | Swamp:1  | Reached XP level 16. HP: 60/101 MP: 18/23
 21582 | Swamp:1  | 21582 ||| Stepping ~*~*~tactically~*~*~ (hiding).
 21583 | Swamp:1  | 21583 ||| Stepping ~*~*~tactically~*~*~ (hiding).
 21584 | Swamp:1  | 21584 ||| Stepping ~*~*~tactically~*~*~ (hiding).
 21585 | Swamp:1  | 21585 ||| Stepping ~*~*~tactically~*~*~ (hiding).
 21586 | Swamp:1  | 21586 ||| Stepping ~*~*~tactically~*~*~ (hiding).
 21589 | Swamp:1  | 21589 ||| Stepping ~*~*~tactically~*~*~ (hiding).
 21592 | Swamp:1  | 21592 ||| Stepping ~*~*~tactically~*~*~ (hiding).
 21875 | Swamp:1  | 21875 ||| INVOKING Heroism.
 22036 | Swamp:1  | 22036 ||| SWAPPING to +0 hand axe of flaming.
 22044 | Swamp:1  | 22044 ||| INVOKING Heroism.
 22047 | Swamp:1  | 22047 ||| Stepping ~*~*~tactically~*~*~ (cloud).
 22048 | Swamp:1  | 22048 ||| SWAPPING to +0 broad axe.
 22167 | Swamp:1  | 22167 ||| Stepping ~*~*~tactically~*~*~ (hiding).
 22171 | Swamp:1  | 22171 ||| Stepping ~*~*~tactically~*~*~ (hiding).
 22176 | Swamp:1  | 22176 ||| Stepping ~*~*~tactically~*~*~ (hiding).
 22179 | Swamp:1  | 22179 ||| Stepping ~*~*~tactically~*~*~ (stealth).
 22184 | Swamp:1  | 22184 ||| INVOKING Heroism.
 22190 | Swamp:1  | Received a gift from Okawaru
 22246 | Swamp:1  | 22246 ||| Stepping ~*~*~tactically~*~*~ (stealth).
 22251 | Swamp:1  | 22251 ||| Stepping ~*~*~tactically~*~*~ (stealth).
 22260 | Swamp:1  | 22260 ||| Stepping ~*~*~tactically~*~*~ (stealth).
 22261 | Swamp:1  | 22261 ||| Stepping ~*~*~tactically~*~*~ (stealth).
 22265 | Swamp:1  | 22265 ||| INVOKING Heroism.
 22347 | Swamp:1  | Received a gift from Okawaru
 22406 | Swamp:1  | 22406 ||| Stepping ~*~*~tactically~*~*~ (cloud).
 22581 | Swamp:1  | Identified the +1 dagger of Ash {vamp, Dex+5 Stlth+}
 22613 | Swamp:1  | 22613 ||| READING scroll labelled UCEULO ZYOSM.
 22665 | Swamp:2  | 22665 ||| INVOKING Heroism.
 22667 | Swamp:2  | Received a gift from Okawaru
 22668 | Swamp:2  | Reached skill level 12 in Armour
 22806 | Swamp:2  | 22806 ||| SWAPPING to +3 vampiric broad axe.
 22872 | Swamp:2  | 22872 ||| READING scroll of enchant armour.
 22872 | Swamp:2  | 22872 ||| ENCHANTING +0 cloak.
 22894 | Swamp:2  | 22894 ||| READING scroll of enchant armour.
 22894 | Swamp:2  | 22894 ||| ENCHANTING +1 cloak.
 22904 | Swamp:2  | Identified the +1 leather armour of Proximity {rElec}
 22931 | Swamp:2  | 22931 ||| INVOKING Heroism.
 22932 | Swamp:2  | 22932 ||| INVOKING Finesse.
 22936 | Swamp:2  | 22936 ||| SWAPPING to +0 hand axe of flaming.
 22946 | Swamp:2  | 22946 ||| SWAPPING to +3 vampiric broad axe.
 23053 | Swamp:2  | 23053 ||| Stepping ~*~*~tactically~*~*~ (hiding).
 23054 | Swamp:2  | 23054 ||| Stepping ~*~*~tactically~*~*~ (hiding).
 23094 | Swamp:2  | 23094 ||| Stepping ~*~*~tactically~*~*~ (stealth).
 23095 | Swamp:2  | 23095 ||| INVOKING Heroism.
 23105 | Swamp:2  | 23105 ||| SWAPPING to +0 hand axe of flaming.
 23122 | Swamp:2  | 23122 ||| SWAPPING to +3 vampiric broad axe.
 23301 | Swamp:2  | Noticed Louise
 23302 | Swamp:2  | 23302 ||| Stepping ~*~*~tactically~*~*~ (hiding).
 23303 | Swamp:2  | 23303 ||| INVOKING Heroism.
 23317 | Swamp:2  | Killed Louise
 23438 | Swamp:2  | 23438 ||| INVOKING Heroism.
 23541 | Swamp:2  | 23541 ||| UPGRADING to +0 tower shield.
 23551 | Swamp:2  | 23551 ||| DROPPING +0 kite shield.
 23660 | Swamp:3  | 23660 ||| Stepping ~*~*~tactically~*~*~ (hiding).
 23662 | Swamp:3  | 23662 ||| Stepping ~*~*~tactically~*~*~ (hiding).
 23663 | Swamp:3  | 23663 ||| Stepping ~*~*~tactically~*~*~ (hiding).
 23772 | Swamp:3  | 23772 ||| Stepping ~*~*~tactically~*~*~ (hiding).
 23840 | Swamp:3  | 23840 ||| INVOKING Heroism.
 23847 | Swamp:3  | 23847 ||| SWAPPING to +0 hand axe of flaming.
 23853 | Swamp:3  | 23853 ||| SWAPPING to +3 vampiric broad axe.
 23888 | Swamp:3  | 23888 ||| INVOKING Heroism.
 23892 | Swamp:3  | 23892 ||| SWAPPING to +0 hand axe of flaming.
 23897 | Swamp:3  | 23897 ||| SWAPPING to +3 vampiric broad axe.
 23906 | Swamp:3  | 23906 ||| Stepping ~*~*~tactically~*~*~ (stealth).
 23907 | Swamp:3  | 23907 ||| Stepping ~*~*~tactically~*~*~ (stealth).
 23945 | Swamp:3  | 23945 ||| Stepping ~*~*~tactically~*~*~ (stealth).
 23970 | Swamp:3  | 23970 ||| Stepping ~*~*~tactically~*~*~ (stealth).
 24094 | Swamp:3  | Reached skill level 14 in Shields
 24149 | Swamp:3  | 24149 ||| Stepping ~*~*~tactically~*~*~ (hiding).
 24150 | Swamp:3  | 24150 ||| Stepping ~*~*~tactically~*~*~ (hiding).
 24258 | Swamp:3  | 24258 ||| Stepping ~*~*~tactically~*~*~ (stealth).
 24267 | Swamp:3  | 24267 ||| Stepping ~*~*~tactically~*~*~ (hiding).
 24270 | Swamp:3  | 24270 ||| INVOKING Heroism.
 24475 | Swamp:3  | 24475 ||| INVOKING Heroism.
 24478 | Swamp:3  | Received a gift from Okawaru
 24547 | Swamp:3  | Identified the +1 rapier "Purengiu" {heavy, Str+3 SInv}
 24626 | Swamp:3  | 24626 ||| PLANNING SNAKE:1-3
 24626 | Swamp:3  | 24626 ||| DROPPING ring of willpower.
 24781 | Snake:1  | Entered Level 1 of the Snake Pit
 24914 | Snake:1  | 24914 ||| Stepping ~*~*~tactically~*~*~ (hiding).
 24945 | Snake:1  | 24945 ||| Stepping ~*~*~tactically~*~*~ (hiding).
 25046 | Snake:1  | 25046 ||| Stepping ~*~*~tactically~*~*~ (hiding).
 25063 | Snake:1  | 25063 ||| Stepping ~*~*~tactically~*~*~ (hiding).
 25066 | Snake:1  | 25066 ||| Stepping ~*~*~tactically~*~*~ (hiding).
 25334 | Snake:1  | Reached skill level 15 in Shields
 25349 | Snake:1  | 25349 ||| Stepping ~*~*~tactically~*~*~ (hiding).
 25357 | Snake:1  | 25357 ||| INVOKING Heroism.
 25363 | Snake:1  | Received a gift from Okawaru
 25569 | Snake:1  | 25569 ||| Stepping ~*~*~tactically~*~*~ (hiding).
 25610 | Snake:1  | 25610 ||| Stepping ~*~*~tactically~*~*~ (hiding).
 25612 | Snake:1  | 25612 ||| INVOKING Heroism.
 25625 | Snake:1  | Reached XP level 17. HP: 108/108 MP: 22/24
 25644 | Snake:1  | 25644 ||| Stepping ~*~*~tactically~*~*~ (stealth).
 25740 | Snake:1  | 25740 ||| Stepping ~*~*~tactically~*~*~ (stealth).
 26221 | Snake:1  | 26221 ||| READING scroll of enchant armour.
 26221 | Snake:1  | 26221 ||| ENCHANTING +1 plate armour of cold resistance.
 26307 | Snake:2  | 26307 ||| Stepping ~*~*~tactically~*~*~ (hiding).
 26363 | Snake:2  | 26363 ||| Stepping ~*~*~tactically~*~*~ (stealth).
 26386 | Snake:2  | Received a gift from Okawaru
 26387 | Snake:2  | Reached skill level 16 in Shields
 26388 | Snake:2  | 26388 ||| INVOKING Heroism.
 26523 | Snake:2  | Received a gift from Okawaru
 26524 | Snake:2  | 26524 ||| Stepping ~*~*~tactically~*~*~ (hiding).
 26550 | Snake:2  | 26550 ||| Stepping ~*~*~tactically~*~*~ (hiding).
 26552 | Snake:2  | 26552 ||| Stepping ~*~*~tactically~*~*~ (hiding).
 26622 | Snake:2  | 26622 ||| INVOKING Heroism.
 26631 | Snake:2  | Received a gift from Okawaru
 26670 | Snake:2  | 26670 ||| Stepping ~*~*~tactically~*~*~ (hiding).
 26697 | Snake:2  | 26697 ||| INVOKING Heroism.
 26780 | Snake:2  | 26780 ||| Stepping ~*~*~tactically~*~*~ (hiding).
 26792 | Snake:2  | Reached skill level 17 in Shields
 26887 | Snake:2  | 26887 ||| Stepping ~*~*~tactically~*~*~ (hiding).
 26893 | Snake:2  | Received a gift from Okawaru
 27025 | Snake:2  | 27025 ||| READING scroll of enchant armour.
 27025 | Snake:2  | 27025 ||| ENCHANTING +2 plate armour of cold resistance.
 27350 | Snake:3  | 27350 ||| Stepping ~*~*~tactically~*~*~ (hiding).
 27432 | Snake:3  | Received a gift from Okawaru
 27454 | Snake:3  | 27454 ||| INVOKING Heroism.
 27483 | Snake:3  | Received a gift from Okawaru
 27629 | Snake:3  | 27629 ||| INVOKING Heroism.
 27638 | Snake:3  | Identified the +12 hand axe of Revolt {venom, *Rage Fly
                  | Str+5 Int+3} (Okawaru gifted it to you on level 3 of the
                  | Snake Pit)
 27638 | Snake:3  | Received a gift from Okawaru
 27749 | Snake:3  | 27749 ||| INVOKING Heroism.
 27837 | Snake:3  | Noticed Aizul
 27838 | Snake:3  | 27838 ||| INVOKING Heroism.
 27839 | Snake:3  | 27839 ||| INVOKING Finesse.
 27856 | Snake:3  | Killed Aizul
 27868 | Snake:3  | Reached skill level 18 in Axes
 27908 | Snake:3  | Found a shimmering altar of Xom.
 27949 | Snake:3  | 27949 ||| Stepping ~*~*~tactically~*~*~ (hiding).
 27950 | Snake:3  | 27950 ||| Stepping ~*~*~tactically~*~*~ (hiding).
 27951 | Snake:3  | 27951 ||| Stepping ~*~*~tactically~*~*~ (hiding).
 27956 | Snake:3  | 27956 ||| INVOKING Heroism.
 27997 | Snake:3  | 27997 ||| Stepping ~*~*~tactically~*~*~ (stealth).
 27998 | Snake:3  | 27998 ||| Stepping ~*~*~tactically~*~*~ (stealth).
 28050 | Snake:3  | Noticed Nikola
 28051 | Snake:3  | 28051 ||| Stepping ~*~*~tactically~*~*~ (hiding).
 28053 | Snake:3  | 28053 ||| Stepping ~*~*~tactically~*~*~ (hiding).
 28055 | Snake:3  | 28055 ||| INVOKING Heroism.
 28056 | Snake:3  | 28056 ||| INVOKING Finesse.
 28071 | Snake:3  | Killed Nikola
 28337 | Snake:3  | 28337 ||| Stepping ~*~*~tactically~*~*~ (stealth).
 28344 | Snake:3  | Identified the +2 tower shield of Zidez {Int+4} (Okawaru
                  | gifted it to you on level 3 of the Snake Pit)
 28344 | Snake:3  | Received a gift from Okawaru
 28493 | Snake:3  | 28493 ||| PLANNING SWAMP:4
 28493 | Snake:3  | 28493 ||| UPGRADING to +2 tower shield of Zidez {Int+4}.
 28503 | Snake:3  | 28503 ||| DROPPING +0 tower shield.
 28705 | Swamp:4  | Entered Level 4 of the Swamp
 28706 | Swamp:4  | 28706 ||| INVOKING Heroism.
 28707 | Swamp:4  | 28707 ||| INVOKING Finesse.
 28717 | Swamp:4  | Reached XP level 18. HP: 113/114 MP: 18/25
 28718 | Swamp:4  | 28718 ||| DROPPING +0 hand axe of flaming.
 28766 | Swamp:4  | Noticed a tentacled monstrosity
 28767 | Swamp:4  | 28767 ||| INVOKING Heroism.
 28779 | Swamp:4  | Killed a tentacled monstrosity
 28908 | Swamp:4  | 28908 ||| INVOKING Heroism.
 28948 | Swamp:4  | Noticed Roxanne
 28949 | Swamp:4  | 28949 ||| INVOKING Heroism.
 28971 | Swamp:4  | Killed Roxanne
 29168 | Swamp:4  | 29168 ||| INVOKING Heroism.
 29198 | Swamp:4  | 29198 ||| Stepping ~*~*~tactically~*~*~ (hiding).
 29208 | Swamp:4  | 29208 ||| Stepping ~*~*~tactically~*~*~ (cloud).
 29234 | Swamp:4  | 29234 ||| INVOKING Heroism.
 29302 | Swamp:4  | Paralysed by an ogre mage for 3 turns
 29437 | Swamp:4  | 29437 ||| INVOKING Heroism.
 29590 | Swamp:4  | 29590 ||| INVOKING Heroism.
 29626 | Swamp:4  | 29626 ||| Stepping ~*~*~tactically~*~*~ (stealth).
 29627 | Swamp:4  | 29627 ||| Stepping ~*~*~tactically~*~*~ (stealth).
 29680 | Swamp:4  | 29680 ||| Stepping ~*~*~tactically~*~*~ (stealth).
 29681 | Swamp:4  | 29681 ||| Stepping ~*~*~tactically~*~*~ (stealth).
 29691 | Swamp:4  | 29691 ||| Stepping ~*~*~tactically~*~*~ (hiding).
 29701 | Swamp:4  | Reached skill level 18 in Shields
 29714 | Swamp:4  | 29714 ||| Stepping ~*~*~tactically~*~*~ (hiding).
 29715 | Swamp:4  | 29715 ||| INVOKING Heroism.
 29729 | Swamp:4  | 29729 ||| Stepping ~*~*~tactically~*~*~ (hiding).
 29749 | Swamp:4  | Paralysed by a fenstrider witch for 5 turns
 29805 | Swamp:4  | 29805 ||| Stepping ~*~*~tactically~*~*~ (stealth).
 29838 | Swamp:4  | Got a decaying rune of Zot
 30270 | Swamp:4  | 30270 ||| PLANNING VAULTS:1-4
 30576 | Vaults:1 | Entered Level 1 of the Vaults
 30695 | Vaults:1 | Received a gift from Okawaru
 30702 | Vaults:1 | 30702 ||| READING scroll of enchant weapon.
 30702 | Vaults:1 | 30702 ||| ENCHANTING +3 vampiric broad axe.
 30713 | Vaults:1 | 30713 ||| Stepping ~*~*~tactically~*~*~ (hiding).
 30860 | Vaults:1 | 30860 ||| INVOKING Heroism.
 30861 | Vaults:1 | 30861 ||| INVOKING Finesse.
 30948 | Vaults:1 | 30948 ||| Stepping ~*~*~tactically~*~*~ (hiding).
 30953 | Vaults:1 | 30953 ||| INVOKING Heroism.
 30975 | Vaults:1 | 30975 ||| INVOKING Heroism.
 30998 | Vaults:1 | Reached skill level 15 in Fighting
 31013 | Vaults:1 | Received a gift from Okawaru
 31213 | Vaults:1 | 31213 ||| Stepping ~*~*~tactically~*~*~ (stealth).
 31261 | Vaults:1 | 31261 ||| READING 3 scrolls of enchant armour.
 31261 | Vaults:1 | 31261 ||| ENCHANTING +3 plate armour of cold resistance.
 31262 | Vaults:1 | 31262 ||| READING 2 scrolls of enchant armour.
 31262 | Vaults:1 | 31262 ||| ENCHANTING +4 plate armour of cold resistance.
 31263 | Vaults:1 | 31263 ||| READING scroll of enchant armour.
 31263 | Vaults:1 | 31263 ||| ENCHANTING +5 plate armour of cold resistance.
 31277 | Vaults:1 | 31277 ||| READING scroll of enchant armour.
 31277 | Vaults:1 | 31277 ||| ENCHANTING +6 plate armour of cold resistance.
 31422 | Vaults:1 | 31422 ||| Stepping ~*~*~tactically~*~*~ (hiding).
 31459 | Vaults:1 | 31459 ||| Stepping ~*~*~tactically~*~*~ (hiding).
 31462 | Vaults:1 | 31462 ||| Stepping ~*~*~tactically~*~*~ (hiding).
 31468 | Vaults:1 | 31468 ||| Stepping ~*~*~tactically~*~*~ (hiding).
 31470 | Vaults:1 | 31470 ||| Stepping ~*~*~tactically~*~*~ (hiding).
 31522 | Vaults:1 | 31522 ||| INVOKING Heroism.
 31581 | Vaults:1 | 31581 ||| Stepping ~*~*~tactically~*~*~ (stealth).
 31605 | Vaults:1 | Received a gift from Okawaru
 31623 | Vaults:1 | 31623 ||| READING scroll of enchant weapon.
 31623 | Vaults:1 | 31623 ||| ENCHANTING +4 vampiric broad axe.
 31703 | Vaults:1 | Found a runed translucent gate.
 31703 | Vaults:1 | Found a runed translucent gate.
 31703 | Vaults:1 | Found a runed translucent gate.
 31736 | Vaults:1 | Found Ruriax's Distillery.
 31744 | Vaults:1 | 31744 ||| BUYING potion of curing (39 gold).
 31744 | Vaults:1 | Bought a potion of curing for 39 gold pieces
 31744 | Vaults:1 | 31744 ||| BUYING potion of heal wounds (65 gold).
 31744 | Vaults:1 | Bought a potion of heal wounds for 65 gold pieces
 31744 | Vaults:1 | 31744 ||| BUYING potion of heal wounds (65 gold).
 31744 | Vaults:1 | Bought a potion of heal wounds for 65 gold pieces
 31744 | Vaults:1 | 31744 ||| BUYING potion of heal wounds (65 gold).
 31744 | Vaults:1 | Bought a potion of heal wounds for 65 gold pieces
 31744 | Vaults:1 | 31744 ||| BUYING potion of mutation (104 gold).
 31744 | Vaults:1 | Bought a potion of mutation for 104 gold pieces
 31744 | Vaults:1 | 31744 ||| BUYING potion of mutation (104 gold).
 31744 | Vaults:1 | Bought a potion of mutation for 104 gold pieces
 31773 | Vaults:1 | 31773 ||| Stepping ~*~*~tactically~*~*~ (hiding).
 31781 | Vaults:1 | Reached XP level 19. HP: 111/124 MP: 26/26
 31781 | Vaults:1 | 31781 ||| FLEEEEING.
 31782 | Vaults:1 | 31782 ||| FLEEEEING.
 31783 | Vaults:1 | 31783 ||| FLEEEEING.
 31784 | Vaults:1 | 31784 ||| FLEEEEING.
 31785 | Vaults:1 | 31785 ||| FLEEEEING.
 31786 | Vaults:1 | 31786 ||| FLEEEEING.
 31787 | Vaults:1 | 31787 ||| FLEEEEING.
 31788 | Vaults:1 | 31788 ||| FLEEEEING.
 31789 | Vaults:1 | 31789 ||| FLEEEEING.
 31790 | Vaults:1 | 31790 ||| FLEEEEING.
 31791 | Vaults:1 | 31791 ||| FLEEEEING.
 31792 | Vaults:1 | 31792 ||| FLEEEEING.
 31793 | Vaults:1 | 31793 ||| FLEEEEING.
 31794 | Vaults:1 | 31794 ||| FLEEEEING.
 31795 | Vaults:1 | 31795 ||| FLEEEEING.
 31796 | Vaults:1 | 31796 ||| FLEEEEING.
 31797 | Vaults:1 | 31797 ||| FLEEEEING.
 31798 | Vaults:1 | 31798 ||| FLEEEEING.
 31799 | Vaults:1 | 31799 ||| FLEEEEING.
 31800 | Vaults:1 | 31800 ||| FLEEEEING.
 31801 | Vaults:1 | 31801 ||| FLEEEEING.
 31802 | Vaults:1 | 31802 ||| FLEEEEING.
 31803 | Vaults:1 | 31803 ||| FLEEEEING.
 31804 | Vaults:1 | 31804 ||| FLEEEEING.
 31805 | Vaults:1 | 31805 ||| FLEEEEING.
 31806 | Vaults:1 | 31806 ||| FLEEEEING.
 31807 | Vaults:1 | 31807 ||| FLEEEEING.
 31808 | Vaults:1 | 31808 ||| FLEEEEING.
 31809 | Vaults:1 | 31809 ||| FLEEEEING.
 31810 | Vaults:1 | 31810 ||| FLEEEEING.
 31811 | Vaults:1 | 31811 ||| FLEEEEING.
 31812 | Vaults:1 | 31812 ||| FLEEEEING.
 31813 | Vaults:1 | 31813 ||| FLEEEEING.
 31814 | Vaults:1 | 31814 ||| FLEEEEING.
 31815 | Vaults:1 | 31815 ||| FLEEEEING.
 31816 | Vaults:1 | 31816 ||| FLEEEEING.
 31819 | Vaults:1 | 31819 ||| FLEEEEING.
 31820 | Vaults:1 | 31820 ||| FLEEEEING.
 31821 | Vaults:1 | 31821 ||| FLEEEEING.
 31822 | Vaults:1 | 31822 ||| FLEEEEING.
 31823 | Vaults:1 | 31823 ||| FLEEEEING.
 31824 | Vaults:1 | 31824 ||| FLEEEEING.
 31825 | Vaults:1 | 31825 ||| FLEEEEING.
 31826 | Vaults:1 | 31826 ||| FLEEEEING.
 31827 | Vaults:1 | 31827 ||| FLEEEEING.
 31828 | Vaults:1 | 31828 ||| FLEEEEING.
 31835 | Vaults:1 | 31835 ||| FLEEEEING.
 31836 | Vaults:1 | 31836 ||| STAIRDANCE
 31940 | Vaults:1 | 31940 ||| STAIRDANCE
 32371 | Vaults:1 | Noticed agentgt's ghost (veteran KoAK)
 32420 | Vaults:2 | 32420 ||| Stepping ~*~*~tactically~*~*~ (stealth).
 32422 | Vaults:2 | 32422 ||| Stepping ~*~*~tactically~*~*~ (stealth).
 32423 | Vaults:2 | 32423 ||| Stepping ~*~*~tactically~*~*~ (stealth).
 32496 | Vaults:2 | Received a gift from Okawaru
 32557 | Vaults:2 | Found Yshrirr's Assorted Antiques.
 32563 | Vaults:2 | 32563 ||| BUYING pair of runed gloves (360 gold).
 32563 | Vaults:2 | Bought a pair of runed gloves for 360 gold pieces
 32563 | Vaults:2 | 32563 ||| BUYING potion of cancellation (384 gold).
 32563 | Vaults:2 | Bought a potion of cancellation for 384 gold pieces
 32563 | Vaults:2 | 32563 ||| BUYING scroll of enchant weapon (360 gold).
 32563 | Vaults:2 | Bought a scroll of enchant weapon for 360 gold pieces
 32563 | Vaults:2 | 32563 ||| READING scroll of enchant weapon.
 32563 | Vaults:2 | 32563 ||| ENCHANTING +5 vampiric broad axe.
 32578 | Vaults:2 | Reached skill level 9 in Throwing
 32626 | Vaults:2 | 32626 ||| Stepping ~*~*~tactically~*~*~ (stealth).
 32628 | Vaults:2 | 32628 ||| Stepping ~*~*~tactically~*~*~ (hiding).
 32657 | Vaults:2 | Received a gift from Okawaru
 32679 | Vaults:2 | Reached skill level 6 in Dodging
 32689 | Vaults:2 | 32689 ||| INVOKING Heroism.
 32750 | Vaults:2 | 32750 ||| Stepping ~*~*~tactically~*~*~ (stealth).
 32903 | Vaults:2 | 32903 ||| Stepping ~*~*~tactically~*~*~ (hiding).
 33008 | Vaults:2 | 33008 ||| INVOKING Heroism.
 33335 | Vaults:2 | Found a staircase to the Crypt.
 33335 | Vaults:2 | Found an ancient bone altar of Kikubaaqudgha.
 33336 | Vaults:2 | Found a basalt altar of Yredelemnul.
 33392 | Vaults:2 | Reached skill level 19 in Shields
 33437 | Vaults:2 | Received a gift from Okawaru
 33541 | Vaults:2 | 33541 ||| Stepping ~*~*~tactically~*~*~ (stealth).
 33542 | Vaults:2 | 33542 ||| FLEEEEING.
 33543 | Vaults:2 | 33543 ||| FLEEEEING.
 33544 | Vaults:2 | 33544 ||| FLEEEEING.
 33545 | Vaults:2 | 33545 ||| FLEEEEING.
 33548 | Vaults:2 | 33548 ||| STAIRDANCE
 33676 | Vaults:1 | 33676 ||| DROPPING +1 pair of gloves.
 33677 | Vaults:1 | 33677 ||| DROPPING +1 crystal plate armour.
 34043 | Vaults:3 | Reached skill level 15 in Armour
 34093 | Vaults:3 | 34093 ||| INVOKING Heroism.
 34094 | Vaults:3 | 34094 ||| INVOKING Finesse.
 34126 | Vaults:3 | 34126 ||| Stepping ~*~*~tactically~*~*~ (stealth).
 34127 | Vaults:3 | 34127 ||| Stepping ~*~*~tactically~*~*~ (stealth).
 34132 | Vaults:3 | 34132 ||| Stepping ~*~*~tactically~*~*~ (hiding).
 34180 | Vaults:3 | 34180 ||| INVOKING Heroism.
 34181 | Vaults:3 | 34181 ||| INVOKING Finesse.
 34201 | Vaults:3 | Received a gift from Okawaru
 34201 | Vaults:3 | Found the +7 lajatang of Order {silver, rMut}
 34260 | Vaults:3 | Reached XP level 20. HP: 134/134 MP: 27/27
 34397 | Vaults:3 | 34397 ||| Stepping ~*~*~tactically~*~*~ (stealth).
 34398 | Vaults:3 | 34398 ||| Stepping ~*~*~tactically~*~*~ (stealth).
 34401 | Vaults:3 | 34401 ||| FLEEEEING.
 34402 | Vaults:3 | 34402 ||| FLEEEEING.
 34403 | Vaults:3 | 34403 ||| FLEEEEING.
 34404 | Vaults:3 | 34404 ||| FLEEEEING.
 34405 | Vaults:3 | 34405 ||| FLEEEEING.
 34410 | Vaults:3 | 34410 ||| FLEEEEING.
 34411 | Vaults:3 | 34411 ||| FLEEEEING.
 34412 | Vaults:3 | 34412 ||| FLEEEEING.
 34413 | Vaults:3 | 34413 ||| FLEEEEING.
 34414 | Vaults:3 | 34414 ||| FLEEEEING.
 34415 | Vaults:3 | 34415 ||| FLEEEEING.
 34416 | Vaults:3 | 34416 ||| FLEEEEING.
 34417 | Vaults:3 | 34417 ||| FLEEEEING.
 34418 | Vaults:3 | 34418 ||| FLEEEEING.
 34422 | Vaults:3 | 34422 ||| STAIRDANCE
 34868 | Vaults:3 | 34868 ||| Stepping ~*~*~tactically~*~*~ (stealth).
 34900 | Vaults:3 | Received a gift from Okawaru
 35101 | Vaults:3 | Received a gift from Okawaru
 35117 | Vaults:3 | 35117 ||| Stepping ~*~*~tactically~*~*~ (stealth).
 35391 | Vaults:3 | 35391 ||| INVOKING Heroism.
 35612 | Vaults:4 | 35612 ||| PLANNING BAZAAR
 35701 | Vaults:4 | 35701 ||| INVOKING Heroism.
 35798 | Vaults:4 | Found Aroix's Weapon Boutique.
 35812 | Vaults:4 | 35812 ||| Stepping ~*~*~tactically~*~*~ (hiding).
 35814 | Vaults:4 | 35814 ||| Stepping ~*~*~tactically~*~*~ (hiding).
 35825 | Vaults:4 | 35825 ||| Stepping ~*~*~tactically~*~*~ (hiding).
 35828 | Vaults:4 | 35828 ||| Stepping ~*~*~tactically~*~*~ (hiding).
 35883 | Vaults:4 | 35883 ||| Stepping ~*~*~tactically~*~*~ (hiding).
 35884 | Vaults:4 | 35884 ||| Stepping ~*~*~tactically~*~*~ (hiding).
 35885 | Vaults:4 | 35885 ||| Stepping ~*~*~tactically~*~*~ (hiding).
 35886 | Vaults:4 | 35886 ||| Stepping ~*~*~tactically~*~*~ (hiding).
 35904 | Vaults:4 | Paralysed by a sphinx for 2 turns
 35912 | Vaults:4 | Paralysed by a sphinx for 2 turns
 35963 | Vaults:4 | Reached ****** piety under Okawaru
 36032 | Vaults:4 | 36032 ||| Stepping ~*~*~tactically~*~*~ (hiding).
 36207 | Vaults:4 | Paralysed by a sphinx for 3 turns
 36220 | Vaults:4 | 36220 ||| DRINKING 12 potions of curing.
 36220 | Vaults:4 | 36220 ||| (to cure confusion)
 36224 | Vaults:4 | 36224 ||| INVOKING Heroism.
 36227 | Vaults:4 | Identified the +1 robe "Natwoxytt" {*Slow Str+9} (Okawaru
                  | gifted it to you on level 4 of the Vaults)
 36227 | Vaults:4 | Received a gift from Okawaru
 36252 | Vaults:4 | 36252 ||| DRINKING 11 potions of curing.
 36252 | Vaults:4 | 36252 ||| (to cure confusion)
 36303 | Vaults:4 | 36303 ||| FLEEEEING.
 36304 | Vaults:4 | 36304 ||| FLEEEEING.
 36305 | Vaults:4 | 36305 ||| FLEEEEING.
 36307 | Vaults:4 | 36307 ||| FLEEEEING.
 36308 | Vaults:4 | 36308 ||| FLEEEEING.
 36309 | Vaults:4 | 36309 ||| FLEEEEING.
 36310 | Vaults:4 | 36310 ||| FLEEEEING.
 36311 | Vaults:4 | 36311 ||| FLEEEEING.
 36312 | Vaults:4 | 36312 ||| FLEEEEING.
 36313 | Vaults:4 | 36313 ||| FLEEEEING.
 36314 | Vaults:4 | 36314 ||| FLEEEEING.
 36315 | Vaults:4 | 36315 ||| FLEEEEING.
 36316 | Vaults:4 | 36316 ||| FLEEEEING.
 36317 | Vaults:4 | 36317 ||| FLEEEEING.
 36320 | Vaults:4 | 36320 ||| STAIRDANCE
 36527 | Vaults:4 | 36527 ||| FLEEEEING.
 36529 | Vaults:4 | 36529 ||| STAIRDANCE
 36632 | Vaults:4 | 36632 ||| RIP BAZAAR
 36633 | Vaults:4 | 36633 ||| PLANNING VAULTS:1-4
 36636 | Vaults:4 | 36636 ||| STAIRDANCE
 36742 | Vaults:4 | 36742 ||| STAIRDANCE
 37244 | Vaults:4 | 37244 ||| Stepping ~*~*~tactically~*~*~ (hiding).
 37249 | Vaults:4 | 37249 ||| Stepping ~*~*~tactically~*~*~ (hiding).
 37259 | Abyss:2  | Cast into level 2 of the Abyss (a wizard)
 37272 | Abyss:2  | 37272 ||| Stepping ~*~*~tactically~*~*~ (stealth).
 37281 | Abyss:2  | 37281 ||| Stepping ~*~*~tactically~*~*~ (stealth).
 37313 | Abyss:2  | Found a corrupted altar of Lugonu.
 37362 | Abyss:2  | 37362 ||| Stepping ~*~*~tactically~*~*~ (stealth).
 37382 | Abyss:2  | 37382 ||| Stepping ~*~*~tactically~*~*~ (stealth).
 37406 | Abyss:2  | 37406 ||| Stepping ~*~*~tactically~*~*~ (stealth).
 37418 | Abyss:2  | Noticed an ancient lich
 37419 | Abyss:2  | 37419 ||| Stepping ~*~*~tactically~*~*~ (hiding).
 37421 | Abyss:2  | 37421 ||| Stepping ~*~*~tactically~*~*~ (hiding).
 37422 | Abyss:2  | 37422 ||| Stepping ~*~*~tactically~*~*~ (hiding).
 37425 | Abyss:2  | 37425 ||| INVOKING Heroism.
 37426 | Abyss:2  | 37426 ||| INVOKING Finesse.
 37443 | Abyss:2  | Killed an ancient lich
 37444 | Abyss:2  | Reached skill level 18 in Fighting
 37453 | Abyss:2  | 37453 ||| Stepping ~*~*~tactically~*~*~ (stealth).
 37454 | Abyss:2  | 37454 ||| Stepping ~*~*~tactically~*~*~ (stealth).
 37493 | Abyss:2  | 37493 ||| Stepping ~*~*~tactically~*~*~ (stealth).
 37494 | Abyss:2  | 37494 ||| Stepping ~*~*~tactically~*~*~ (stealth).
 37495 | Abyss:2  | 37495 ||| Stepping ~*~*~tactically~*~*~ (stealth).
 37496 | Abyss:2  | 37496 ||| Stepping ~*~*~tactically~*~*~ (stealth).
 37502 | Abyss:2  | 37502 ||| Stepping ~*~*~tactically~*~*~ (stealth).
 37509 | Abyss:2  | 37509 ||| Stepping ~*~*~tactically~*~*~ (stealth).
 37523 | Abyss:2  | 37523 ||| Stepping ~*~*~tactically~*~*~ (stealth).
 37525 | Abyss:2  | 37525 ||| Stepping ~*~*~tactically~*~*~ (stealth).
 37527 | Abyss:2  | 37527 ||| Stepping ~*~*~tactically~*~*~ (stealth).
 37528 | Abyss:2  | 37528 ||| Stepping ~*~*~tactically~*~*~ (stealth).
 37532 | Abyss:2  | 37532 ||| INVOKING Heroism.
 37536 | Abyss:2  | 37536 ||| INVOKING Finesse.
 37539 | Abyss:2  | 37539 ||| Stepping ~*~*~tactically~*~*~ (hiding).
 37560 | Abyss:2  | HP: 30/136 [starcursed mass/accursed screaming (10)]
 37560 | Abyss:2  | Paralysed by accursed screaming for 2 turns
 37561 | Abyss:2  | HP: 2/136 [starcursed mass/accursed screaming (17)]
 37563 | Abyss:2  | 37563 ||| READING 15 scrolls of teleportation.
 37564 | Abyss:2  | 37564 ||| DRINKING 7 potions of heal wounds.
 37565 | Abyss:2  | 37565 ||| DRINKING 6 potions of heal wounds.
 37566 | Abyss:2  | 37566 ||| DRINKING 5 potions of heal wounds.
 37566 | Abyss:2  | Paralysed by accursed screaming for 2 turns
 37566 | Abyss:2  | HP: 29/136 [Hell Sentinel (14)]
 37568 | Abyss:2  | 37568 ||| DRINKING 4 potions of heal wounds.
 37570 | Abyss:2  | Paralysed by accursed screaming for 2 turns
 37571 | Abyss:2  | HP: 8/136 [starcursed mass/accursed screaming (14)]
 37571 | Abyss:2  | HP: 3/136 [Hell Sentinel (5)]
 37571 | Abyss:2  | Slain by a daeva

Levels and vault maps discovered:
D:1:      lightli_iron_boxes, layout_basic
D:2:      layout_basic, shapermc_ecumenical_altar_mp_urbaneastern
D:3:      layout_loops_cross
D:4:      cheibrodos_helix_gallery, layout_basic, lemuel_coloured_pillars_altar,
          minmay_between, uniq_blork_the_orc, uniq_duvessa, uniq_edmund
D:5:      layout_gridville, mainiacjoe_overflow_cross_hatched,
          serial_bayou_pond_d, columned_hall_lemuel
D:6:      layout_gridville, grunt_dithmenos_smoke_and_mirrors,
          nicolae_wu_jian_immortal_techniques, minmay_temple_entry_mist,
          serial_shops, nicolae_shop_peninsula, minivault_10
D:7:      layout_loops_cross, mainiacjoe_overflow_concentric_impassable,
          slow_altar_1, fedhas_altar_1, trog_ov_bears_minmay,
          nicolae_overflow_crystal_walls, general_overflow_altar,
          serial_park_tiny_1, chequers_serial_rivers_small_a
D:8:      minmay_distorted_concentric_squares, layout_basic,
          dancing_weapons_uskayaw, erik_lair_dragon, enter_bailey_3,
          serial_shops, nicolae_shop_mannequins
D:9:      layout_basic, lemuel_doored_altar, grunt_qazlal_sundering,
          hiddenorc2_lemuel, serial_shops, shop, serial_corexii_hall,
          corexii_hall_statues_x, corexii_hall_statues_deadend, st_stairs_8,
          minmay_statue_crystal_thing, uniq_psyche, uniq_prince_ribbit1,
          uniq_joseph
D:10:     layout_rooms, hangedman_glass_teeth, kennysheep_generic_room_8
D:11:     layout_cave_pools
D:12:     layout_basic, yredelemnul_forgotten_temple_becter, uniq_urug
D:13:     layout_cave_pools, uniq_kirke
D:14:     layout_irregular_city, david_vaults_2, minivault_24
D:15:     hangedman_depths_entry_civil_slaughter, layout_cave_pools,
          hangedman_decor_lopped, serial_rivers, chequers_serial_rivers_small_3,
          chequers_serial_rivers_small_b, chequers_serial_rivers_micro_c,
          chequers_serial_rivers_room_a, chequers_serial_rivers_room_a
Temple:   hellmonk_temple_beads
Lair:1:   layout_gridlike, dreamdust_mushroom_princess, bh_autumn_forest_stairs,
          serial_bayou_shore_a
Lair:2:   layout_hall_layers, nicolae_swamp_entry_spooky,
          guppyfry_snake_entry_garden
Lair:3:   layout_misc_corridors, nicolae_lair_liquid_snakes
Lair:4:   layout_gridlike, serial_bayou_shore_b, lemuel_fruit_fields
Lair:5:   hangedman_lair_tendril_chambers, layout_loops_ring, slime_entry_1,
          gauntlet_entry_generic
Swamp:1:  nicolae_swamp_wrong_neighborhood, layout_basic_swamp,
          nicolae_swamp_dense_foliage, swamp_pool4, st_shrine_of_shade
Swamp:2:  layout_basic_swamp, evilmike_swamp_ruin_rubble_1, swamp_pool2,
          ldierk_geyser, uniq_louise
Swamp:3:  layout_basic_swamp, hangedman_swamp_diagram, nicolae_swamp_drake_lake
Swamp:4:  nzn_swamp_witches_coven, layout_basic_swamp, swamp_pool4,
          water_boxes_lemuel, uniq_roxanne
Snake:1:  layout_layer_cave
Snake:2:  layout_grid_shapes, grunt_ministairs_11, nicolae_coiled_stairwell_up
Snake:3:  layout_cave_town, basic_altar, nicolae_snake_gridmaze_big_u,
          nicolae_snake_magic_snake_eye, uniq_aizul, uniq_nikola
Orc:1:    layout_caves, basic_altar, nicolae_shop_gadgets
Orc:2:    grunt_orc_gardens, layout_caves, grunt_orc_garden, grunt_orc_garden,
          grunt_orc_garden, grunt_orc_garden, uniq_rupert
Vaults:1: gammafunk_ghost_tricky_traps, hangedman_vaults_variations,
          ontoclasm_vaults_gallery, nicolae_vaults_storage_closets_2,
          vaults_standard_mumra_enter_the_diamond, v_misc_24,
          nicolae_vaults_trapezoid_lopsided_1, layout_vaults_omnigrid,
          serial_shops, nicolae_lakefront_shop
Vaults:2: ontoclasm_vaults_bender, minmay_crypt_entry_necro_gods,
          nicolae_vaults_sightless_eye, vaults_mumra_hex,
          nicolae_vaults_off_center_swirl, ontoclasm_vaults_idyll, v_misc_18,
          v_misc_8, nicolae_vaults_doubleplus_tesselated,
          layout_vaults_omnicross, serial_shops, nicolae_shop_dealshenge
Vaults:3: v_misc_31, nicolae_vaults_twisting_passages, v_rooms_6,
          vaults_room_pools, hangedman_vaults_stretched_pinwheel,
          layout_vaults_chaotic_city
Vaults:4: vaults_room_door_ring, hangedman_vaults_stretched_pinwheel,
          nicolae_vaults_network_quinsquares
          [nicolae_vaults_network_quincunx_subvault,
          nicolae_vaults_network_quincunx_subvault,
          nicolae_vaults_network_quincunx_subvault,
          nicolae_vaults_network_quincunx_subvault],
          nicolae_vaults_door_testing_chamber, v_pattern_2,
          nicolae_vaults_six-pack, ontoclasm_vaults_tryst, v_rooms_1,
          hangedman_vaults_snaps, nicolae_vaults_tetromino_L_1,
          nicolae_vaults_little_squares_5, hangedman_vaults_corner_blocks,
          layout_vaults_omnibox, serial_shops, bzr_entry_customers, shop
Abyss:2:  base: Bailey, hangedman_abyss_or_decor_lesser_grid

Skill      XL: |  1  2  3  4  5  6  7  8  9 10 11 12 13 14 15 16 17 18 19 20 |
---------------+-------------------------------------------------------------+-----
Axes           | 2 3 4 5 6 7 8 9 11 13 14 15 16 17 18 | 18.0
Fighting       | 4 5 6 7 8 9 10 11 12 13 15 17 18 | 18.0
Dodging        | 1 2 3 4 5 6 7 |  7.0
Armour         | 4 5 6 8 9 10 11 12 14 15 16 | 16.0
Throwing       | 2 5 7 8 9 10 | 10.0
Shields        | 4 5 6 7 12 13 15 17 18 19 | 19.6
Invocations    | 4 8 10 | 10.0

Action                     |  1- 3 |  4- 6 |  7- 9 | 10-12 | 13-15 | 16-18 | 19-21 || total
---------------------------+-------+-------+-------+-------+-------+-------+-------++-------
  Melee: War axe           |    73 |    89 |   252 |   471 |  1066 |       |       ||  1951
         Flail             |       |       |       |    22 |     8 |       |       ||    30
         Hand axe          |       |       |       |       |    17 |    43 |       ||    60
         Broad axe         |       |       |       |       |    45 |  1403 |   966 ||  2414
  Throw: Boomerang         |       |       |     4 |    78 |    42 |     8 |    22 ||   154
         Javelin           |       |       |       |       |    71 |   121 |    53 ||   245
 Invoke: Heroism           |       |       |       |    20 |    37 |    37 |     9 ||   103
         Finesse           |       |       |       |     1 |     4 |     5 |     4 ||    14
    Use: Scroll            |     4 |     1 |    13 |     4 |     6 |    11 |     2 ||    41
         Potion            |     4 |     1 |       |       |     4 |       |     6 ||    15
   Stab: Petrified         |       |       |       |     5 |       |       |       ||     5
         Distracted        |       |       |       |       |       |       |     1 ||     1
 Armour: Scale mail        |    11 |       |       |       |       |       |       ||    11
         Chain mail        |    20 |    57 |   126 |    46 |       |       |       ||   249
         Plate armour      |       |       |       |   176 |   397 |   638 |   365 ||  1576
  Dodge: Dodged            |    30 |    26 |    86 |   234 |   484 |   474 |   266 ||  1600
  Block: Buckler           |    10 |    18 |    67 |   150 |   123 |       |       ||   368
         Kite shield       |       |       |       |       |   359 |   123 |       ||   482
         Tower shield      |       |       |       |       |       |  1086 |   790 ||  1876

Table legend:
 A = Non-vault XP
 B = Vault XP
 C = Vault XP percentage of total XP
 D = Non-vault monster count
 E = Vault monster count
 F = Vault count percentage of total count
                 A         B        C        D         E       F
            +---------+---------+-------+---------+---------+-------
      Total |  302194 |  175118 |  36.7 |     801 |     334 |  29.4
            +---------+---------+-------+---------+---------+-------
        D:1 |      24 |       0 |   0.0 |      15 |       0 |   0.0
        D:2 |      15 |       0 |   0.0 |      10 |       0 |   0.0
        D:3 |     265 |       0 |   0.0 |      21 |       0 |   0.0
        D:4 |     477 |     480 |  50.2 |      21 |      10 |  32.3
        D:5 |     415 |       0 |   0.0 |       9 |       0 |   0.0
        D:6 |    1296 |     124 |   8.7 |      26 |       1 |   3.7
        D:7 |     628 |     136 |  17.8 |      13 |       2 |  13.3
        D:8 |    1610 |    3530 |  68.7 |      17 |      18 |  51.4
        D:9 |    1386 |    1405 |  50.3 |      18 |      36 |  66.7
       D:10 |    2302 |       0 |   0.0 |      24 |       0 |   0.0
       D:11 |    1391 |       0 |   0.0 |       7 |       0 |   0.0
       D:12 |    3163 |     803 |  20.2 |      16 |       2 |  11.1
       D:13 |    6944 |    2279 |  24.7 |      19 |       5 |  20.8
       D:14 |    8963 |    2482 |  21.7 |      18 |       3 |  14.3
       D:15 |   15712 |    4193 |  21.1 |      29 |       6 |  17.1
     Lair:1 |    1446 |       0 |   0.0 |       9 |       0 |   0.0
     Lair:2 |    3614 |    2446 |  40.4 |      14 |       8 |  36.4
     Lair:3 |    4628 |     336 |   6.8 |      21 |       7 |  25.0
     Lair:4 |    5921 |       0 |   0.0 |      24 |       0 |   0.0
     Lair:5 |   16763 |    9848 |  37.0 |      62 |      35 |  36.1
    Swamp:1 |   11394 |    9345 |  45.1 |      23 |      13 |  36.1
    Swamp:2 |    9845 |    1232 |  11.1 |      20 |       1 |   4.8
    Swamp:3 |   15504 |    1741 |  10.1 |      25 |       4 |  13.8
    Swamp:4 |   13522 |   23061 |  63.0 |      24 |      31 |  56.4
    Snake:1 |   12463 |       0 |   0.0 |      25 |       0 |   0.0
    Snake:2 |   15162 |    2818 |  15.7 |      31 |       5 |  13.9
    Snake:3 |   19926 |   18865 |  48.6 |      34 |      26 |  43.3
      Orc:1 |    7246 |       0 |   0.0 |      39 |       0 |   0.0
      Orc:2 |    1343 |   11136 |  89.2 |      11 |      28 |  71.8
   Vaults:1 |   18919 |   19318 |  50.5 |      25 |      22 |  46.8
   Vaults:2 |   29981 |   23909 |  44.4 |      44 |      27 |  38.0
   Vaults:3 |   35063 |   17065 |  32.7 |      56 |      20 |  26.3
   Vaults:4 |   23077 |   18566 |  44.6 |      29 |      24 |  45.3
    Abyss:2 |   11786 |       0 |   0.0 |      22 |       0 |   0.0
            +---------+---------+-------+---------+---------+-------
